Workbook
Name _GrafikDaten_8.1: Titelblatt!$C$20:$F$29
Name _GrafikDaten_8.2: 'Überblick in Grafiken'!$C$3:$E$19
Name _GrafikDaten_8.3: 'Überblick in Grafiken'!$C$36:$D$49
Name _GrafikDaten_8.4: '8.1.3'!$G$16:$H$20
Name _GrafikDaten_8.5: '8.1.8'!$M$18:$P$28
Name _GrafikDaten_8.6: '8.1.12'!$G$24:$H$42
Name _GrafikDaten_8.7: '8.2.4+8.2.5'!$L$17:$P$29
Name _Tabelle_8.1.1: '8.1.1'!$A$3:$I$51
Name _Tabelle_8.1.10: '8.1.10'!$A$3:$F$60
Name _Tabelle_8.1.11: '8.1.11'!$A$3:$I$52
Name _Tabelle_8.1.12: '8.1.12'!$A$3:$E$22
Name _Tabelle_8.1.2: '8.1.2'!$A$3:$H$32
Name _Tabelle_8.1.3: '8.1.3'!$A$3:$E$12
Name _Tabelle_8.1.4: '8.1.4-8.1.6'!$A$3:$B$21
Name _Tabelle_8.1.5: '8.1.4-8.1.6'!$A$24:$B$43
Name _Tabelle_8.1.6: '8.1.4-8.1.6'!$D$24:$E$43
Name _Tabelle_8.1.7: '8.1.7'!$A$3:$F$42
Name _Tabelle_8.1.8: '8.1.8'!$A$3:$K$16
Name _Tabelle_8.1.9: '8.1.9'!$A$3:$D$58
Name _Tabelle_8.2.1: '8.2.1'!$A$3:$J$28
Name _Tabelle_8.2.2: '8.2.2'!$A$3:$J$70
Name _Tabelle_8.2.3: '8.2.3'!$A$3:$J$26
Name _Tabelle_8.2.4: '8.2.4+8.2.5'!$A$3:$I$15
Name _Tabelle_8.2.5: '8.2.4+8.2.5'!$A$42:$I$48
Name Print_Titles: '8.2.2'!$4:$4

Sheet Titelblatt
A1: Titelblatt des Kapitels 8 "Öffentliche Finanzen und Personal": Link zum Inhaltsverzeichnis
A2: 8 | Öffentliche Finanzen und Personal
A20: Grafik 8.1 | C20: Daten der Grafik 8.1 "Auszahlungen und Einzahlungen sowie Finanzierungssaldo der Gemeinden und Gemeindeverbände im Zeitvergleich"
C21: Jahr | D21: Auszahlungen in Mill. EUR | E21: Einzahlungen in Mill. EUR | F21: Finanzierungssaldo in Mill. EUR
C22: 1995 | D22: 3978.849 | E22: 3838.992 | F22: -139.857
C23: 2000 | D23: 3475.014 | E23: 3511.887 | F23: 36.873
C24: 2005 | D24: 3645.873 | E24: 3610.645 | F24: -35.228
C25: 2010 | D25: 3839.182 | E25: 3880.456 | F25: 41.274
C26: 2015 | D26: 4230.924 | E26: 4344.158 | F26: 113.234
C27: 2020 | D27: 5323.089 | E27: 5654.087 | F27: 330.998
C28: 2024 | D28: 7369.017 | E28: 7088.697 | F28: -280.32
C29: 2025 | D29: ='8.1.7'!B5/1000 -> 7657.984 | E29: ='8.1.7'!B20/1000 -> 7372.637 | F29: ='8.1.7'!B39/1000 -> -285.347

Sheet Inhalt
A1: Inhaltsverzeichnis des Kapitels 8 "Öffentliche Finanzen und Personal": Die Gliederungen und Überschriften auf dieser Seite sind Links zum Inhalt.
A2: Inhaltsverzeichnis | C2: Seite
A3: Überblick | B3: Überblick in Grafiken | C3: =D3+214 -> 217 | D3: 3
B4: Überblick in Worten | C4: =D4+214 -> 218 | D4: 4
A5: Ergebnisse in Tabellen
A6: 8.1 | B6: Öffentliche Finanzen
A7: 8.1.1 | B7: Kassenmäßige Ausgaben und Einnahmen (Kernhaushalt) des Landes im Zeitvergleich nach Arten | C7: =D7+214 -> 219 | D7: 5
A8: 8.1.2 | B8: Grunddaten des kommunalen Finanzausgleichs im Zeitvergleich | C8: =D8+214 -> 220 | D8: 6
A9: 8.1.3 | B9: Kommunale Finanzausgleichsleistungen gemäß Finanzausgleichsgesetz Mecklenburg-Vorpommerns 2026 | C9: =D9+214 -> 221 | D9: 7
A10: 8.1.4 | B10: Finanzkraftausgleich 2025 im Ländervergleich | C10: =D10+214 -> 222 | D10: 8
A11: 8.1.5 | B11: Finanzvermögen am 31. Dezember 2024 im Ländervergleich | C11: =D11+214 -> 222 | D11: 8
A12: 8.1.6 | B12: Investitionsausgaben 2025 im Ländervergleich | C12: =D12+214 -> 222 | D12: 8
A13: 8.1.7 | B13: Kassenmäßige Auszahlungen und Einzahlungen der Gemeinden und Gemeindeverbände 2025 nach Arten | C13: =D13+214 -> 223 | D13: 9
A14: 8.1.8 | B14: Kassenmäßige Auszahlungen und Einzahlungen der Gemeinden und Gemeindeverbände 2025 nach Kreisen | C14: =D14+214 -> 224 | D14: 10
A15: 8.1.9 | B15: Kassenergebnisse des Öffentlichen Gesamthaushaltes 2025 im Ländervergleich | C15: =D15+214 -> 225 | D15: 11
A16: 8.1.10 | B16: Rechnungsmäßige Auszahlungen und Einzahlungen der Gemeinden und Gemeindeverbände 2024 nach Produktbereichen | C16: =D16+214 -> 226 | D16: 12
A17: 8.1.11 | B17: Schuldenstand des Öffentlichen Gesamthaushaltes nach Körperschaftsgruppen am 31. Dezember 2025 | C17: =D17+214 -> 227 | D17: 13
A18: 8.1.12 | B18: Schulden des Öffentlichen Gesamthaushaltes der Länder und Gemeinden/Gemeindeverbände beim nicht-öffentlichen Bereich am 31. Dezember 2025 im Ländervergleich | C18: =D18+214 -> 228 | D18: 14
A19: 8.2 | B19: Personal
A20: 8.2.1 | B20: Personal des öffentlichen Dienstes am 30. Juni 2025 nach Dienstverhältnissen und Beschäftigungsbereichen | C20: =D20+214 -> 229 | D20: 15
A21: 8.2.2 | B21: Personal des Landes am 30. Juni 2025 nach Dienstverhältnissen und Geschäftsbereichen | C21: =D21+214 -> 230 | D21: 16
A22: 8.2.3 | B22: Personal des Landes sowie der Gemeinden und Gemeindeverbände am 30. Juni im Zeitvergleich | C22: =D22+214 -> 232 | D22: 18
A23: 8.2.4 | B23: Personal des Landes sowie der Gemeinden und Gemeindeverbände am 30. Juni 2024 nach Dienstverhältnissen | C23: =D23+214 -> 233 | D23: 19
A24: 8.2.5 | B24: Versorgungsempfängerinnen und -empfänger am 1. Januar im Zeitvergleich nach Art der Versorgung | C24: =D24+214 -> 233 | D24: 19
A25: Ergebnisse in Grafiken
A26: 8.1 | B26: Auszahlungen und Einzahlungen sowie Finanzierungssaldo der Gemeinden und Gemeindeverbände im Zeitvergleich | C26: =D26+214 -> 215 | D26: 1
A27: 8.2 | B27: Bereinigte Ausgaben und Einnahmen des Landes im Zeitvergleich | C27: =D27+214 -> 217 | D27: 3
A28: 8.3 | B28: Personal des öffentlichen Dienstes (Land) am 30. Juni 2025 nach Geschäftsbereichen | C28: =D28+214 -> 217 | D28: 3
A29: 8.4 | B29: Kommunale Finanzausgleichsleistungen gemäß Finanzausgleichsgesetz Mecklenburg-Vorpommerns 2026 | C29: =D29+214 -> 221 | D29: 7
A30: 8.5 | B30: Bereinigte Auszahlungen und Einzahlungen je Einwohnerin bzw. Einwohner 2025 nach Kreisen | C30: =D30+214 -> 224 | D30: 10
A31: 8.6 | B31: Schulden der Länder und Gemeinden/Gemeindeverbände beim nicht-öffentlichen Bereich je Einwohnerin bzw. Einwohner am 31. Dezember 2025 im Ländervergleich | C31: =D31+214 -> 228 | D31: 14
A32: 8.7 | B32: Personal des Landes sowie der Gemeinden und Gemeindeverbände am 30. Juni im Zeitvergleich | C32: =D32+214 -> 233 | D32: 19
A33: Erläuterungen
A34: Fußnotenerläuterungen | C34: =D34+214 -> 234 | D34: 20
A35: Methodik | C35: =D35+214 -> 235 | D35: 21
A36: Glossar | C36: =D36+214 -> 236 | D36: 22
A37: Mehr zum Thema | C37: =D37+214 -> 237 | D37: 23

Sheet Überblick in Grafiken
A1: Link zum Inhaltsverzeichnis
A2: Überblick in Grafiken
A3: Grafik 8.2 | C3: Daten der Grafik 8.2 "Bereinigte Ausgaben und Einnahmen des Landes im Zeitvergleich"
C4: Jahr | D4: Ausgaben in Mill. EUR | E4: Einnahmen in Mill. EUR
C5: 1995 | D5: 7149 | E5: 6067
C6: 2000 | D6: 7118 | E6: 6479
C7: 2005 | D7: 6944 | E7: 6575
C8: 2010 | D8: 6832 | E8: 6656
C9: 2015 | D9: 7402 | E9: 7737
C10: 2016 | D10: 7546 | E10: 7863
C11: 2017 | D11: 7360 | E11: 8057
C12: 2018 | D12: 8124 | E12: 8319
C13: 2019 | D13: 8571 | E13: 8659
C14: 2020 | D14: 12380 | E14: 9388
C15: 2021 | D15: 10551 | E15: 11027
C16: 2022 | D16: 10756 | E16: 11156
... C18: 2024 | D18: 11178.9 | E18: 11670.8
C19: 2025 | D19: ='8.1.1'!I5 -> 11475 | E19: ='8.1.1'!I29 -> 10607
A34: Grafik 8.3
C36: Daten der Grafik 8.3 "Personal des öffentlichen Dienstes (Land) am 30.06.2025 nach Geschäftsbereichen"
C37: Geschäftsbereiche | D37: Personal (Insgesamt = 100 %)
C38: Landtag | D38: ='8.2.2'!C9*100/'8.2.2'!C5 -> 0.60071575
C39: Landesrechnungshof | D39: ='8.2.2'!C10*100/'8.2.2'!C5 -> 0.23006135
C40: Geschäftsbereich der Ministerpräsidentin | D40: ='8.2.2'!C11*100/'8.2.2'!C5 -> 0.33231084
C41: Ministerium für Inneres, Bau und Digitalisierung | D41: ='8.2.2'!C14*100/'8.2.2'!C5 -> 19.261247
C42: Finanzministerium | D42: ='8.2.2'!C19*100/'8.2.2'!C5 -> 9.3813906
C43: Ministerium für Wirtschaft, Infrastruktur, Tourismus und Arbeit | D43: ='8.2.2'!C25*100/'8.2.2'!C5 -> 3.5787321
C44: Ministerium für Bildung und Kindertagesförderung | D44: ='8.2.2'!C29*100/'8.2.2'!C5 -> 38.624744
C45: Ministerium für Klimaschutz, Landwirtschaft, ländliche Räume und | D45: ='8.2.2'!C38*100/'8.2.2'!C5 -> 5.1635992
C46: Ministerium für Justiz, Gleichstellung und Verbraucherschutz | D46: ='8.2.2'!C47*100/'8.2.2'!C5 -> 9.1129857
C47: Ministerium für Soziales, Gesundheit und Sport | D47: ='8.2.2'!C52*100/'8.2.2'!C5 -> 1.7765849
C48: Ministerium für Wissenschaft, Kultur, Bundes- und Europaangelegenheiten | D48: ='8.2.2'!C56*100/'8.2.2'!C5 -> 1.0864008
C49: Rechtlich unselbstständige Einrichtungen und Unternehmen | D49: ='8.2.2'!C61*100/'8.2.2'!C5 -> 10.864008

Sheet Überblick in Worten
A1: Link zum Inhaltsverzeichnis
A2: Überblick in Worten
A3: § | B3: Die Kernhaushalte der Gemeinden und Gemeindeverbände Mecklenburg-Vorpommerns wiesen im Jahr 2025 ein Defizit von 285,3 Millionen EUR aus.
A4: § | B4: Den Gemeinden und Gemeindeverbänden in Mecklenburg-Vorpommern standen nach Auswertung der vierteljährlichen Kassenstatistik im Jahr 2025 insgesamt 7.372,6 Millionen EUR (+4,0 Prozent) an Einzahlungen zur Verfügung. Auszahlungen wurden in Höhe von 7.658,0 Millionen EUR (+3,9 Prozent) getätigt.
A5: § | B5: Im elften Jahr in Folge überstiegen 2025 die kommunalen Steuereinnahmen in Mecklenburg-Vorpommern mit 1.825,2 Millionen EUR die Milliardenschwelle.
A6: § | B6: Die Schulden des Öffentlichen Gesamthaushaltes Mecklenburg-Vorpommerns (Land, Gemeinden/Gemeindeverbände und Sozialversicherung einschließlich ihrer Extrahaushalte) betrugen beim nicht-öffentlichen Bereich zum Jahresende 2025 ins- gesamt 10,7 Milliarden EUR. Die Zunahme gegenüber dem Vorjahr beträgt 530,5 Millionen EUR.
A7: § | B7: Die Schulden des Landeshaushalts stiegen um 234,4 Millionen EUR auf 8,229 Milliarden EUR (+2,9 Prozent).
A8: § | B8: Der Schuldenstand der Gemeinden und Gemeindeverbände in Mecklenburg-Vorpommern erhöhte sich 2025 dagegen um 13,4 Prozent beziehungsweise 296,1 Millionen EUR auf 2,503 Milliarden EUR.
A9: § | B9: Am 30. Juni 2025 belief sich die Zahl der Beschäftigten im öffentlichen Dienst Mecklenburg-Vorpommerns (ohne Bund) auf 80.355 Personen (+1,3 Prozent).
A10: § | B10: Vollzeitbeschäftigt waren im Landesdienst im Jahr 2025 insgesamt 55.685 Personen (69,3 Prozent). Einer Teilzeitbeschäf- tigung gingen 24.670 Personen (30,7 Prozent) nach. Darunter befanden sich 225 Altersteilzeitbeschäftigte.
A11: § | B11: Der Anteil der Arbeitnehmerinnen und Arbeitnehmer veränderte sich mit 73,8 Prozent (59.335 Personen) im Vergleich zum Vorjahr kaum. Verbeamtet bzw. als Richterin bzw. Richter tätig waren 26,2 Prozent der Beschäftigten (21.020 Personen).
A12: § | B12: Die Anzahl der Versorgungsempfängerinnen und -empfänger erhöhte sich in den vergangenen 20 Jahren von 1.460 Per- sonen (01.01.2005) auf 10.859 Personen (01.01.2025). Von ihnen bezogen 86,4 Prozent Ruhegehalt, 12,5 Prozent Witwen- bzw. Witwergeld und 1,1 Prozent Waisengeld.

Sheet 8.1.1
A1: Link zum Inhaltsverzeichnis
A2: 8.1 Öffentliche Finanzen
A3: 8.1.1 Kassenmäßige Ausgaben und Einnahmen (Kernhaushalt) des Landes im Zeitvergleich nach Arten
A4: Art der Ausgaben und Einnahmen | B4: 1995 in Mill. EUR | C4: 2000 in Mill. EUR | D4: 2005 in Mill. EUR | E4: 2010 in Mill. EUR | F4: 2015 in Mill. EUR | G4: 2020 in Mill. EUR | H4: 2024 in Mill. EUR | I4: 2025 in Mill. EUR
A5: Bereinigte Ausgaben | B5: 7149 | C5: 7118 | D5: 6944 | E5: 6832 | F5: 7402 | G5: 12380 | H5: 11178.9 | I5: 11475
A6: Ausgaben der laufenden Rechnung | B6: 5138 | C6: 5511 | D6: 5657 | E6: 5642 | F6: 6349 | G6: 10627 | H6: 9211.4 | I6: 9587
A7: Personalausgaben | B7: 1725 | C7: 1898 | D7: 1788 | E7: 1657 | F7: 1908 | G7: 2232 | H7: 2583.9 | I7: 2685
A8: Laufender Sachaufwand | B8: 379 | C8: 462 | D8: 445 | E8: 420 | F8: 499 | G8: 767 | H8: 828.4 | I8: 831
A9: Zinsausgaben | B9: 202 | C9: 436 | D9: 462 | E9: 381 | F9: 284 | G9: 217 | H9: 160 | I9: 153
A10: an öffentlichen Bereich | B10: - | C10: - | D10: - | E10: - | F10: - | G10: 24 | H10: 37.3 | I10: 3
A11: an andere Bereiche | B11: 202 | C11: 436 | D11: 462 | E11: 381 | F11: 284 | G11: 193 | H11: 122.7 | I11: 150
A12: Laufende Zuweisungen und Zuschüsse 1) | B12: 2747 | C12: 2715 | D12: 2962 | E12: 3184 | F12: 3653 | G12: 7404 | H12: 5639.1 | I12: 5919
A13: an öffentlichen Bereich | B13: 2068 | C13: 1999 | D13: 2119 | E13: 2077 | F13: 2620 | G13: 6129 | H13: 3959.4 | I13: 4185
A14: an andere Bereiche | B14: 678 | C14: 716 | D14: 843 | E14: 1107 | F14: 1033 | G14: 1275 | H14: 1679.7 | I14: 1733
A15: Schuldendiensthilfen | B15: 86 | C15: - | D15: - | E15: - | F15: 6 | G15: 6 | H15: - | I15: -
A16: Ausgaben der Kapitalrechnung | B16: 2010 | C16: 1606 | D16: 1288 | E16: 1190 | F16: 1053 | G16: 1754 | H16: 1967.5 | I16: 1888
A17: Sachinvestitionen | B17: 289 | C17: 351 | D17: 280 | E17: 274 | F17: 310 | G17: 344 | H17: 433.7 | I17: 446
A18: Baumaßnahmen | B18: 205 | C18: 267 | D18: 234 | E18: 216 | F18: 249 | G18: 271 | H18: 344.2 | I18: 338
A19: Erwerb von Sachvermögen | B19: 84 | C19: 84 | D19: 46 | E19: 58 | F19: 60 | G19: 73 | H19: 89.5 | I19: 108
A20: Vermögensübertragungen und Zuwei- sungen und Zuschüsse für Investitionen | B20: 1367 | C20: 1086 | D20: 931 | E20: 869 | F20: 701 | G20: 1373 | H20: 1475.4 | I20: 1329
A21: an öffentlichen Bereich | B21: 666 | C21: 485 | D21: 478 | E21: 511 | F21: 403 | G21: 862 | H21: 1171.4 | I21: 970
A22: an andere Bereiche | B22: 700 | C22: 601 | D22: 453 | E22: 358 | F22: 298 | G22: 511 | H22: 304 | I22: 305
A23: Darlehen | B23: 337 | C23: 157 | D23: 77 | E23: 46 | F23: 43 | G23: 33 | H23: 52.4 | I23: 87
A24: an öffentlichen Bereich | B24: - | C24: - | D24: - | E24: - | F24: - | G24: - | H24: - | I24: -
A25: an andere Bereiche | B25: 337 | C25: 157 | D25: 77 | E25: 46 | F25: 43 | G25: 33 | H25: 52.4 | I25: 87
A26: Erwerb von Beteiligungen | B26: 18 | C26: 12 | D26: - | E26: 0 | F26: 0 | G26: 0 | H26: - | I26: 2
A27: Tilgungsausgaben an öffentlichen Bereich | B27: - | C27: - | D27: - | E27: - | F27: - | G27: - | H27: - | I27: -
A28: Inanspruchnahme aus Gewährleistungen | B28: - | C28: - | D28: - | E28: - | F28: - | G28: 3 | H28: 6 | I28: 24.1
A29: Bereinigte Einnahmen | B29: 6067 | C29: 6479 | D29: 6575 | E29: 6656 | F29: 7737 | G29: 9388 | H29: 11670.8 | I29: 10607
A30: Einnahmen der laufenden Rechnung | B30: 5182 | C30: 5695 | D30: 5820 | E30: 6070 | F30: 7114 | G30: 8576 | H30: 10701 | I30: 9650
A31: Steuern, EU-Eigenmittel und steuer- ähnliche Abgaben 2) | B31: 3002 | C31: 3302 | D31: 2870 | E31: 3310 | F31: 4418 | G31: 5445 | H31: 6785.6 | I31: 6528
A32: Einnahmen aus wirtschaftlicher Tätigkeit | B32: 69 | C32: 68 | D32: 76 | E32: 40 | F32: 49 | G32: 60 | H32: 61.7 | I32: 71
A33: Zinseinnahmen | B33: 3 | C33: 15 | D33: 29 | E33: 27 | F33: 20 | G33: 14 | H33: 97.7 | I33: 47
A34: vom öffentlichen Bereich | B34: - | C34: - | D34: - | E34: - | F34: - | G34: - | H34: - | I34: -
A35: von anderen Bereichen | B35: 3 | C35: 15 | D35: 29 | E35: 27 | F35: 20 | G35: 14 | H35: 97.7 | I35: 47
A36: Laufende Zuweisungen und Zuschüsse 1) | B36: 2023 | C36: 2221 | D36: 2710 | E36: 2563 | F36: 2507 | G36: 2921 | H36: 3517.7 | I36: 2733
A37: vom öffentlichen Bereich | B37: 1875 | C37: 2008 | D37: 2482 | E37: 2444 | F37: 2321 | G37: 2768 | H37: 3311 | I37: 2550
A38: von anderen Bereichen | B38: 148 | C38: 213 | D38: 228 | E38: 119 | F38: 186 | G38: 153 | H38: 206.7 | I38: 183
A39: Schuldendiensthilfen und Erstattung von Verwaltungsausgaben | B39: - | C39: - | D39: - | E39: - | F39: 2 | G39: 2 | H39: 15 | I39: 9
A40: sonstige laufende Einnahmen | B40: 86 | C40: 88 | D40: 135 | E40: 130 | F40: 119 | G40: 134 | H40: 223.3 | I40: 239
A41: Einnahmen der Kapitalrechnung | B41: 885 | C41: 783 | D41: 755 | E41: 586 | F41: 624 | G41: 812 | H41: 969.8 | I41: 957
A42: Veräußerung von Sachvermögen | B42: 28 | C42: 13 | D42: 15 | E42: 3 | F42: 4 | G42: 13 | H42: 17.5 | I42: 10
A43: Vermögensübertragungen und Zuwei- sungen und Zuschüsse für Investitionen | B43: 849 | C43: 728 | D43: 674 | E43: 507 | F43: 466 | G43: 723 | H43: 919.5 | I43: 915
A44: vom öffentlichen Bereich | B44: 714 | C44: 602 | D44: 302 | E44: 397 | F44: 286 | G44: 439 | H44: 603.1 | I44: 655
A45: von anderen Bereichen | B45: 134 | C45: 126 | D45: 372 | E45: 110 | F45: 180 | G45: 284 | H45: 316.4 | I45: 260
A46: Darlehensrückflüsse | B46: 8 | C46: 42 | D46: 67 | E46: 76 | F46: 154 | G46: 75 | H46: 32.3 | I46: 31
A47: vom öffentlichen Bereich | B47: 4 | C47: 11 | D47: 6 | E47: 0 | F47: - | G47: 5 | H47: 4.3 | I47: 3
A48: von anderen Bereichen | B48: 4 | C48: 31 | D48: 61 | E48: 76 | F48: 154 | G48: 70 | H48: 28 | I48: 29
A49: Veräußerung von Beteiligungen | B49: - | C49: - | D49: - | E49: - | F49: - | G49: - | H49: - | I49: -
A50: Schuldenaufnahme beim öffentlichen Bereich | B50: - | C50: - | D50: - | E50: - | F50: - | G50: - | H50: - | I50: -
A51: Einnahmen aus der Inanspruchnahme von Gewährleistungen | B51: - | C51: - | D51: - | E51: - | F51: - | G51: 0 | H51: 0.5 | I51: 0

Sheet 8.1.2
A1: Link zum Inhaltsverzeichnis
A2: 8.1 Öffentliche Finanzen
A3: 8.1.2 Grunddaten des kommunalen Finanzausgleichs im Zeitvergleich
A4: Merkmal | B4: 2000 in 1.000 EUR | C4: 2005 in 1.000 EUR | D4: 2010 in 1.000 EUR | E4: 2015 in 1.000 EUR | F4: 2020 in 1.000 EUR | G4: 2025 in 1.000 EUR | H4: 2026 in 1.000 EUR
A5: Verbundgrundlagen | B5: 4570949 | C5: 4342600 | D5: 4518879 | E5: 5273657 | F5: 6681708.4 | G5: 7707604.7 | H5: 8133599
A6: Gemeinschaft- und Landessteuern 3) | B6: 3134730 | C6: 2927000 | D6: 3292295 | E6: 4276347 | F6: 5770176.4 | G6: 6720264.3 | H6: 6983058
A7: Länderfinanzausgleich 4) | B7: 488795 | C7: 430000 | D7: 400000 | E7: 454000 | F7: x | G7: x | H7: x
A8: Fehlbetrags- bzw. allgemeine Bundesergän- zungszuweisung (BEZ) und BEZ politische Führung, BEZ Forschung, Gemeindesteuer- kraftzuweisungen 5) | B8: 191223 | C8: 210355 | D8: 223355 | E8: 254355 | F8: 906455 | G8: 985787 | H8: 1148987
A9: Sonderbedarfs-BEZ | B9: 756201 | C9: 775245 | D9: 603229 | E9: 288955 | F9: 5077 | G9: 1553.408 | H9: 1553
A10: Bildung der Finanzausgleichsmasse
A11: Finanzausgleichsleistungen (FAL) | B11: 1251868 | C11: 1164933 | D11: 1199374 | E11: 1133173 | F11: 1465201.1 | G11: 1545860.9 | H11: 1443205
A12: Gemeinschaft- und Landessteuern | B12: 857662 | C12: 775027 | D12: 793458 | E12: 932715 | F12: 1204854.8 | G12: 1241488.5 | H12: 1266075
A13: Länderfinanzausgleich | B13: 133734 | C13: 113860 | D13: 96402 | E13: 99022 | F13: x | G13: x | H13: x
A14: Allgemeine BEZ und BEZ politische Führung | B14: 52319 | C14: 55700 | D14: 53830 | E14: 55477 | F14: 189274.4 | G14: 182112.37 | H14: 208319
A15: Sonderbedarfs-BEZ | B15: 302480 | C15: 205276 | D15: 145382 | E15: 63024 | F15: 1060.1146 | G15: 286.97356 | H15: 282
A16: Verrechnungspositionen | B16: -94328 | C16: 15070 | D16: 28202 | E16: 21033 | F16: 70011.738 | G16: 121973 | H16: -31471
A17: Zuweisungen für Infrastrukturinvestitionen (Aufstockung) | B17: x | C17: x | D17: 15000 | E17: x | F17: 40000 | G17: 30000 | H17: x
A18: Kommunaler Ausgleichsfonds | B18: x | C18: x | D18: 67100 | E18: -35100 | F18: - | G18: - | H18: 21000
A19: Finanzausgleichsumlagen gemäß FAG M-V | B19: x | C19: x | D19: x | E19: 2389 | F19: 15346 | G19: 7495.8243 | H19: 64575
A20: Familienleistungsausgleich (FLA) 6) | B20: 41086 | C20: x | D20: x | E20: x | F20: x | G20: x | H20: x
A21: Infrastrukturpauschale (ISP) 7) | B21: - | C21: 35100 | D21: x | E21: x | F21: x | G21: x | H21: x
A22: Mittelübertragung für Zuweisungen an Theater- und Sozialleistungsträger gemäß FAG M-V | B22: x | C22: x | D22: x | E22: -27900 | F22: -35800 | G22: -35800 | H22: -35800
A23: Finanzausgleichsmasse (FAM) gemäß FAG M-V einschließlich FLA 8) | B23: 1292954 | C23: 1200033 | D23: 1199374 | E23: 1107662 | F23: 1484747.1 | G23: 1547556.7 | H23: 1492980
A24: Aufteilung der Finanzausgleichsmasse
A25: Zweckzuweisungen | B25: 451011 | C25: 490584 | D25: 450100 | E25: 443300 | F25: 507200 | G25: 504325 | H25: 506375
A26: Allgemeine Zuweisungen als Sonderzuweisun- gen/Vorentnahmen | B26: - | C26: 19256 | D26: 1979 | E26: 7385 | F26: 4946 | G26: 3002.3 | H26: 3230
A27: Schlüsselzuweisungen | B27: 800857 | C27: 641693 | D27: 685765 | E27: 595881 | F27: 972601 | G27: 1040229.3 | H27: 983375
A28: davon
A29: kreisfreie und große kreisangehörige Städte 9) | B29: 209024 | C29: 167483 | D29: 195059 | E29: 140913 | F29: 303711 | G29: 318977.24 | H29: 302738
A30: Landkreise | B30: 221597 | C30: 177556 | D30: 220236 | E30: 218469 | F30: 294457 | G30: 316521.94 | H30: 306823
A31: kreisangehörige Gemeinden | B31: 370236 | C31: 296654 | D31: 270470 | E31: 236499 | F31: 374433 | G31: 404730.14 | H31: 373814
A32: Schlüsselzuweisungen je Einwohnerin bzw. Einwohner 10) (EUR) | B32: 445 | C32: 370 | D32: 412 | E32: 373 | F32: 604 | G32: 659.1903 | H32: 624.9219

Sheet 8.1.3
A1: Link zum Inhaltsverzeichnis
A2: 8.1 Öffentliche Finanzen
A3: 8.1.3 Kommunale Finanzausgleichsleistungen 11) gemäß Finanzausgleichsgesetz
A4: Mecklenburg-Vorpommerns 2026
A5: Finanzausgleichsleistungen | B5: Insgesamt in 1.000 EUR davon... | C5: …kreisfreie und große kreis- angehörige Städte in 1.000 EUR | D5: ...Landkreise in 1.000 EUR | E5: …kreisangehörige Gemeinden in 1.000 EUR
A6: Insgesamt | B6: 1396175 | C6: 390171 | D6: 515164 | E6: 490840
A7: davon
A8: Schlüsselzuweisungen für Gemeindeaufgaben (§ 16) und Landkreisaufgaben (§ 19) | B8: 983375 | C8: 302738 | D8: 306823 | E8: 373814
A9: Vorwegabzüge | B9: 412800 | C9: 87433 | D9: 208341 | E9: 117026
A10: davon
A11: Zuweisungen für die Wahrnehmung der Aufgaben des übertragenen Wirkungskreises und der unteren staat- lichen Verwaltungsbehörde (§ 22) | B11: 312800 | C11: 71909 | D11: 173341 | E11: 67550
A12: Zuweisungen für Infrastruktur (§ 23) | B12: 100000 | C12: 15524 | D12: 35000 | E12: 49476
A16: Grafik 8.4 | G16: Daten der Grafik 8.4 "Kommunale Finanzausgleichszahlungen gemäß Finanzausgleichsgesetz Mecklenburg-Vorpommern 2026"
G17: Merkmal | H17: Insgesamt = 100 %
G18: Kreisfreie und große kreisangehörige Städte | H18: =C6*100/B6 -> 27.945709
G19: Landkreise | H19: =D6*100/B6 -> 36.89824
G20: Kreisangehörige Gemeinden | H20: =E6*100/B6 -> 35.156051

Sheet 8.1.4-8.1.6
A1: Link zum Inhaltsverzeichnis
A2: 8.1 Öffentliche Finanzen
A3: 8.1.4 Finanzkraftausgleich 2025
A4: im Ländervergleich
A5: Land | B5: Finanzkraftausgleich (vorläufige Ergebnisse) in Mill. EUR
A6: Baden-Württemberg | B6: -4006
A7: Bayern | B7: -11660
A8: Berlin | B8: 4223
A9: Brandenburg | B9: 1401
A10: Bremen | B10: 1021
A11: Hamburg | B11: -331
A12: Hessen | B12: -4003
A13: Mecklenburg-Vorpommern | B13: 1447
A14: Niedersachsen | B14: 1443
A15: Nordrhein-Westfalen | B15: 1016
A16: Rheinland-Pfalz | B16: 756
A17: Saarland | B17: 699
... A21: Thüringen | B21: 2208
A24: 8.1.5 Finanzvermögen am 31. Dezember 2024 | D24: 8.1.6 Investitionsausgaben 2025
A25: im Ländervergleich 12) | D25: im Ländervergleich 13)
A26: Land | B26: Finanzvermögen in Mill. EUR | D26: Land | E26: Investitionsausgaben in Mill. EUR
A27: Deutschland | B27: 528788.2 | D27: Deutschland | E27: 111966.4
A28: Baden-Württemberg | B28: 82911.228 | D28: Baden-Württemberg | E28: 14153.1
A29: Bayern | B29: 75981.421 | D29: Bayern | E29: 22970.1
A30: Berlin | B30: 31214.127 | D30: Berlin | E30: 5067.4
A31: Brandenburg | B31: 14903.989 | D31: Brandenburg | E31: 3135.1
A32: Bremen | B32: 4716.8113 | D32: Bremen | E32: 727.3
A33: Hamburg | B33: 18443.204 | D33: Hamburg | E33: 5974.3
A34: Hessen | B34: 38653.67 | D34: Hessen | E34: 8504.2
A35: Mecklenburg-Vorpommern | B35: 11757.618 | D35: Mecklenburg-Vorpommern | E35: 2384.4
A36: Niedersachsen | B36: 35894.665 | D36: Niedersachsen | E36: 9333.8
A37: Nordrhein-Westfalen | B37: 117955.38 | D37: Nordrhein-Westfalen | E37: 20581.1
A38: Rheinland-Pfalz | B38: 15830.773 | D38: Rheinland-Pfalz | E38: 3859.3
... A43: Thüringen | B43: 16100.937 | D43: Thüringen | E43: 2476.7

Sheet 8.1.7
A1: Link zum Inhaltsverzeichnis
A2: 8.1 Öffentliche Finanzen
A3: 8.1.7 Kassenmäßige Auszahlungen und Einzahlungen der Gemeinden und Gemeindeverbände 2025 nach Arten
A4: Art der Auszahlungen und Einzahlungen | B4: Insgesamt in 1.000 EUR davon... | C4: …kreisfreie Städte in 1.000 EUR | D4: …kreisange- hörige Städte und Gemeinden in 1.000 EUR | E4: ...Amts- verwaltungen in 1.000 EUR | F4: ...Kreis- verwaltungen in 1.000 EUR
A5: Bereinigte Auszahlungen | B5: 7657984 | C5: 1571911 | D5: 3067337 | E5: 96208 | F5: 2922528
A6: Auszahlungen aus laufender Verwaltungstätigkeit | B6: 6494904 | C6: 1386656 | D6: 2446136 | E6: 56485 | F6: 2605627
A7: Personal- und Versorgungsauszahlungen | B7: 1545515 | C7: 280453 | D7: 630283 | E7: 136690 | F7: 498090
A8: Auszahlungen für Sach- und Dienstleistungen | B8: 1004426 | C8: 131875 | D8: 476610 | E8: 36742 | F8: 359198
A9: Sozialtransferleistungen und Leistungsbeteiligungen nach SGB II, VIII, IX und XII | B9: 2023794 | C9: 466987 | D9: - | E9: - | F9: 1556807
A10: Zinsauszahlungen | B10: 40332 | C10: 10403 | D10: 19699 | E10: 941 | F10: 9290
A11: sonstige laufende Auszahlungen | B11: 3434800 | C11: 512765 | D11: 1582017 | E11: 114843 | F11: 1225174
A12: abzüglich Zahlungen von gleicher Ebene | B12: 1553963 | C12: 15827 | D12: 262473 | E12: 232731 | F12: 1042931
A13: Auszahlungen aus Investitionstätigkeit | B13: 1163080 | C13: 185255 | D13: 621201 | E13: 39723 | F13: 316900
A14: Auszahlungen für den Erwerb von Sachanlagevermögen | B14: 1017876 | C14: 171108 | D14: 611818 | E14: 38909 | F14: 196042
A15: darunter
A16: Auszahlungen für Baumaßnahmen | B16: 654428 | C16: 93176 | D16: 446197 | E16: 33170 | F16: 81885
A17: Tilgung von Krediten bei Verwaltungen | B17: 309 | C17: - | D17: 3 | E17: 305 | F17: -
A18: sonstige Auszahlungen aus Investitionstätigkeit | B18: 162224 | C18: 14147 | D18: 27159 | E18: 41 | F18: 120876
A19: abzüglich Zahlungen von gleicher Ebene | B19: 17329 | C19: - | D19: 17779 | E19: -468 | F19: 17
A20: Bereinigte Einzahlungen | B20: 7372637 | C20: 1521160 | D20: 2919185 | E20: 86338 | F20: 2845955
A21: Einzahlungen aus laufender Verwaltungstätigkeit | B21: 6399815 | C21: 1374932 | D21: 2453049 | E21: 64350 | F21: 2507484
A22: Steuern (netto) | B22: 1825217 | C22: 421178 | D22: 1404046 | E22: x | F22: -
A23: darunter
A24: Gemeindeanteil an der Einkommensteuer | B24: 646856 | C24: 137421 | D24: 509435 | E24: - | F24: -
A25: Gewerbesteuer (netto) | B25: 800475 | C25: 202540 | D25: 597942 | E25: x | F25: -
A26: Grundsteuer | B26: 215479 | C26: 40594 | D26: 174885 | E26: - | F26: -
A27: Schlüsselzuweisungen vom Land | B27: 1038680 | C27: 210934 | D27: 511293 | E27: - | F27: 316454
A28: Bedarfs- und sonstige allgemeine Zuweisungen vom Land | B28: 360824 | C28: 69475 | D28: 51044 | E28: 43595 | F28: 196710
A29: Zuweisungen und Zuschüsse für laufende Zwecke vom Land | B29: 1231430 | C29: 263598 | D29: 50320 | E29: 1136 | F29: 916375
A30: Zuweisungen und Zuschüsse für laufende Zwecke vom Bund | B30: 305157 | C30: 57183 | D30: 11550 | E30: 707 | F30: 235718
A31: öffentlich-rechtliche Leistungsentgelte | B31: 322631 | C31: 85421 | D31: 122832 | E31: 7694 | F31: 106684
A32: sonstige laufende Einzahlungen | B32: 2869839 | C32: 282970 | D32: 564438 | E32: 243956 | F32: 1778475
A33: abzüglich Zahlungen von gleicher Ebene | B33: 1553963 | C33: 15827 | D33: 262473 | E33: 232731 | F33: 1042931
A34: Einzahlungen aus Investitionstätigkeit | B34: 972823 | C34: 146228 | D34: 466136 | E34: 21988 | F34: 338471
A35: Investitionszuweisungen vom Land | B35: 662485 | C35: 121145 | D35: 304905 | E35: 17981 | F35: 218454
A36: Kreditaufnahme für Investitionen bei Verwaltungen | B36: - | C36: - | D36: - | E36: - | F36: -
A37: sonstige Einzahlungen aus Investitionstätigkeit | B37: 327666 | C37: 25083 | D37: 179010 | E37: 3539 | F37: 120035
A38: abzüglich Zahlungen von gleicher Ebene | B38: 17329 | C38: - | D38: 17779 | E38: -468 | F38: 17
A39: Finanzierungssaldo | B39: -285347 | C39: -50752 | D39: -148152 | E39: -9870 | F39: -76573
A40: Mehrauszahlungen/Mehreinzahlungen aus Verwaltungs- tätigkeit | B40: -95089 | C40: -11724 | D40: 6913 | E40: 7865 | F40: -98144
A41: Kreditaufnahmen für Investitionen am Kreditmarkt und beim sonstigen öffentlichen Bereich | B41: 399896 | C41: 87672 | D41: 197055 | E41: 17723 | F41: 97445
A42: Tilgung von Krediten für Investitionen am Kreditmarkt und beim sonstigen öffentlichen Bereich | B42: 177631 | C42: 35947 | D42: 94070 | E42: 1829 | F42: 45784

Sheet 8.1.8
A1: Link zum Inhaltsverzeichnis
A2: 8.1 Öffentliche Finanzen
A3: 8.1.8 Kassenmäßige Auszahlungen und Einzahlungen der Gemeinden und Gemeindeverbände 2025 nach Kreisen
A4: Merkmal | B4: Einheit | C4: Mecklen- burg-Vor- pommern | D4: Kreisfreie Stadt Rostock | E4: Kreisfreie Stadt Schwerin | F4: Mecklen- burgische Seenplatte | G4: Landkreis Rostock | H4: Vor- pommern- Rügen | I4: Nordwest- mecklen- burg | J4: Vor- pommern- Greifswald | K4: Ludwigs- lust- Parchim
A5: Bereinigte Aus- zahlungen | B5: 1.000 EUR | C5: 7657984 | D5: 1055750 | E5: 516161 | F5: 1174922 | G5: 925621 | H5: 1162829 | I5: 721300 | J5: 1180451 | K5: 920949
A6: Bereinigte Auszahlungen | B6: EUR je Einwohnerin bzw. Ein- wohner 14) | C6: 4879 | D6: 5160 | E6: 5268 | F6: 4793 | G6: 4234 | H6: 5407 | I6: 4609 | J6: 5266 | K6: 4438
A7: darunter
A8: Personal- und Versorgungs- auszahlungen | B8: 1.000 EUR | C8: 1545515 | D8: 197945 | E8: 82508 | F8: 224566 | G8: 194179 | H8: 216753 | I8: 159541 | J8: 235140 | K8: 234883
A9: Baumaßnahmen | B9: 1.000 EUR | C9: 654428 | D9: 34714 | E9: 58462 | F9: 68553 | G9: 100716 | H9: 78092 | I9: 98382 | J9: 111291 | K9: 104219
A10: Sozialtransfer- leistungen und Leistungsbe- teiligungen nach SGB II, VIII, IX und XII | B10: 1.000 EUR | C10: 2023794 | D10: 290190 | E10: 176797 | F10: 305951 | G10: 215459 | H10: 383383 | I10: 169225 | J10: 292992 | K10: 189797
A11: Bereinigte Ein- zahlungen | B11: 1.000 EUR | C11: 7372637 | D11: 1004893 | E11: 516266 | F11: 1148193 | G11: 906575 | H11: 1104960 | I11: 684801 | J11: 1108113 | K11: 898834
A12: Bereinigte Einzahlungen | B12: EUR je Einwohnerin bzw. Ein- wohner 14) | C12: 4697 | D12: 4912 | E12: 5269 | F12: 4684 | G12: 4147 | H12: 5138 | I12: 4376 | J12: 4943 | K12: 4332
A13: darunter
A14: Steuern (netto) | B14: 1.000 EUR | C14: 1825217 | D14: 288121 | E14: 133058 | F14: 265839 | G14: 239498 | H14: 240121 | I14: 184101 | J14: 234888 | K14: 239591
A15: Schlüssel- zuweisungen | B15: 1.000 EUR | C15: 1038680 | D15: 123671 | E15: 87263 | F15: 181952 | G15: 123380 | H15: 145339 | I15: 91876 | J15: 159711 | K15: 125488
A16: Finanzierungs- saldo | B16: 1.000 EUR | C16: -285347 | D16: -50857 | E16: 105 | F16: -26729 | G16: -19046 | H16: -57869 | I16: -36499 | J16: -72338 | K16: -22115
A18: Grafik 8.5 | M18: Daten der Grafik 8.5 "Bereinigte Auszahlungen und Einzahlungen je Einwohner 2025 nach Kreisen (Bevölkerung am 30.06.2025)"
M19: Kreise | N19: Auszahlungen je Einwohner in EUR | O19: Einzahlungen je Einwohner in EUR | P19: Nachrichtlich: Bevölkerung am 30.06.2025
M20: Rostock | N20: =D5*1000/GrafikDaten_8.5[[#This Row],[Nachrichtlich: Bevölkerung am 30.06.2025]] -> 5160.0684 | O20: =D11*1000/GrafikDaten_8.5[[#This Row],[Nachrichtlich: Bevölkerung am 30.06.2025]] -> 4911.5005 | P20: 204600
M21: Schwerin | N21: =E5*1000/GrafikDaten_8.5[[#This Row],[Nachrichtlich: Bevölkerung am 30.06.2025]] -> 5268.4005 | O21: =E11*1000/GrafikDaten_8.5[[#This Row],[Nachrichtlich: Bevölkerung am 30.06.2025]] -> 5269.4722 | P21: 97973
M22: Mecklenburgische Seenplatte | N22: =F5*1000/GrafikDaten_8.5[[#This Row],[Nachrichtlich: Bevölkerung am 30.06.2025]] -> 4792.5484 | O22: =F11*1000/GrafikDaten_8.5[[#This Row],[Nachrichtlich: Bevölkerung am 30.06.2025]] -> 4683.5199 | P22: 245156
M23: Landkreis Rostock | N23: =G5*1000/GrafikDaten_8.5[[#This Row],[Nachrichtlich: Bevölkerung am 30.06.2025]] -> 4233.8683 | O23: =G11*1000/GrafikDaten_8.5[[#This Row],[Nachrichtlich: Bevölkerung am 30.06.2025]] -> 4146.7503 | P23: 218623
M24: Vorpommern-Rügen | N24: =H5*1000/GrafikDaten_8.5[[#This Row],[Nachrichtlich: Bevölkerung am 30.06.2025]] -> 5407.1992 | O24: =H11*1000/GrafikDaten_8.5[[#This Row],[Nachrichtlich: Bevölkerung am 30.06.2025]] -> 5138.1061 | P24: 215052
M25: Nordwestmecklenburg | N25: =I5*1000/GrafikDaten_8.5[[#This Row],[Nachrichtlich: Bevölkerung am 30.06.2025]] -> 4609.358 | O25: =I11*1000/GrafikDaten_8.5[[#This Row],[Nachrichtlich: Bevölkerung am 30.06.2025]] -> 4376.1167 | P25: 156486
M26: Vorpommern-Greifswald | N26: =J5*1000/GrafikDaten_8.5[[#This Row],[Nachrichtlich: Bevölkerung am 30.06.2025]] -> 5265.7332 | O26: =J11*1000/GrafikDaten_8.5[[#This Row],[Nachrichtlich: Bevölkerung am 30.06.2025]] -> 4943.0492 | P26: 224176
M27: Ludwigslust-Parchim | N27: =K5*1000/GrafikDaten_8.5[[#This Row],[Nachrichtlich: Bevölkerung am 30.06.2025]] -> 4438.2443 | O27: =K11*1000/GrafikDaten_8.5[[#This Row],[Nachrichtlich: Bevölkerung am 30.06.2025]] -> 4331.6675 | P27: 207503
M28: Mecklenburg-Vorpommern | N28: =C5*1000/GrafikDaten_8.5[[#This Row],[Nachrichtlich: Bevölkerung am 30.06.2025]] -> 4879.0362 | O28: =C11*1000/GrafikDaten_8.5[[#This Row],[Nachrichtlich: Bevölkerung am 30.06.2025]] -> 4697.2366 | P28: 1569569

Sheet 8.1.9
A1: Link zum Inhaltsverzeichnis
A2: 8.1 Öffentliche Finanzen
A3: 8.1.9 Kassenergebnisse des Öffentlichen Gesamthaushaltes 2025 im Ländervergleich
A4: Land | B4: Insgesamt in Mill. EUR | C4: Länder in Mill. EUR | D4: Gemeinden/Gemeindeverbände in Mill. EUR
A5: Bereinigte Ausgaben 15)
A6: Deutschland | B6: 760876.2 | C6: 535613.9 | D6: 381117.3
A7: Baden-Württemberg | B7: 97004.8 | C7: 67487.1 | D7: 59782
A8: Bayern | B8: 121128.4 | C8: 78077.9 | D8: 63430.1
A9: Berlin | B9: 41366.5 | C9: 41366.5 | D9: -
A10: Brandenburg | B10: 23206.3 | C10: 17117.7 | D10: 12465.8
A11: Bremen | B11: 8272.9 | C11: 8272.9 | D11: -
A12: Hamburg | B12: 23314.6 | C12: 23314.6 | D12: -
A13: Hessen | B13: 60298.6 | C13: 38727.8 | D13: 32786.9
A14: Mecklenburg-Vorpommern | B14: 14730.6 | C14: 11442.7 | D14: 7558.8
A15: Niedersachsen | B15: 67868.4 | C15: 45196.9 | D15: 37948
A16: Nordrhein-Westfalen | B16: 166894.8 | C16: 104685.3 | D16: 96770.9
A17: Rheinland-Pfalz | B17: 33845.2 | C17: 24582.1 | D17: 17954.8
A18: Saarland | B18: 8381.2 | C18: 6258.6 | D18: 3700
A19: Sachsen | B19: 33365.9 | C19: 24481.9 | D19: 16837.9
A20: Sachsen-Anhalt | B20: 18646.1 | C20: 14424.7 | D20: 8475.9
A21: Schleswig-Holstein | B21: 26748.7 | C21: 17797.5 | D21: 15128.9
A22: Thüringen | B22: 17013.9 | C22: 13534.3 | D22: 8276
A23: Bereinigte Einnahmen 15)
A24: Deutschland | B24: 724062.3 | C24: 528160.9 | D24: 351756.4
A25: Baden-Württemberg | B25: 92136.1 | C25: 66943.4 | D25: 55457
A26: Bayern | B26: 117367.9 | C26: 78824 | D26: 58923.5
A27: Berlin | B27: 38297.2 | C27: 38297.2 | D27: -
A28: Brandenburg | B28: 21390.2 | C28: 16128.4 | D28: 11639
A29: Bremen | B29: 8170.6 | C29: 8170.6 | D29: -
A30: Hamburg | B30: 22144.9 | C30: 22144.9 | D30: -
A31: Hessen | B31: 57163.1 | C31: 38356.3 | D31: 30022.9
A32: Mecklenburg-Vorpommern | B32: 13470.3 | C32: 10463 | D32: 7278.2
A33: Niedersachsen | B33: 63092.5 | C33: 43823.7 | D33: 34545.3
A34: Nordrhein-Westfalen | B34: 159781.1 | C34: 106877.7 | D34: 87464.8
A35: Rheinland-Pfalz | B35: 32555.9 | C35: 24583.1 | D35: 16664.5
A36: Saarland | B36: 8331.3 | C36: 6316.6 | D36: 3592.1
A37: Sachsen | B37: 32080.1 | C37: 24245.4 | D37: 15788.6
A38: Sachsen-Anhalt | B38: 17242.8 | C38: 13347.7 | D38: 8149.6
A39: Schleswig-Holstein | B39: 25485.4 | C39: 17706.5 | D39: 13956.6
A40: Thüringen | B40: 16564.5 | C40: 13087 | D40: 8273.9
A41: Finanzierungssaldo
A42: Deutschland | B42: -36780.9 | C42: -7420 | D42: -29360.9
A43: Baden-Württemberg | B43: -4854.8 | C43: -529.8 | D43: -4325
A44: Bayern | B44: -3759.7 | C44: 746.9 | D44: -4506.6
A45: Berlin | B45: -3067.2 | C45: -3067.2 | D45: -
A46: Brandenburg | B46: -1801.5 | C46: -974.7 | D46: -826.8
A47: Bremen | B47: -101.3 | C47: -101.3 | D47: -
A48: Hamburg | B48: -1171 | C48: -1171 | D48: -
A49: Hessen | B49: -3131.1 | C49: -367.1 | D49: -2764
A50: Mecklenburg-Vorpommern | B50: -1260.3 | C50: -979.7 | D50: -280.6
A51: Niedersachsen | B51: -4775.9 | C51: -1373.2 | D51: -3402.7
A52: Nordrhein-Westfalen | B52: -7116.7 | C52: 2189.4 | D52: -9306.1
A53: Rheinland-Pfalz | B53: -1289.3 | C53: 1 | D53: -1290.3
A54: Saarland | B54: -49.5 | C54: 58.4 | D54: -107.9
A55: Sachsen | B55: -1285.8 | C55: -236.5 | D55: -1049.3
A56: Sachsen-Anhalt | B56: -1403.4 | C56: -1077.1 | D56: -326.3
A57: Schleswig-Holstein | B57: -1263.3 | C57: -91 | D57: -1172.3
A58: Thüringen | B58: -449.2 | C58: -447.1 | D58: -2.1

Sheet 8.1.10
A1: Link zum Inhaltsverzeichnis
A2: 8.1 Öffentliche Finanzen
A3: 8.1.10 Rechnungsmäßige Auszahlungen und Einzahlungen der Gemeinden und Gemeindeverbände 2024 nach Produktbereichen
A4: Produkt- nummer | B4: Produktbereich/Produktgruppe | C4: Bereinigte Auszahlungen in 1.000 EUR | D4: Bereinigte Auszahlungen in EUR je Ein- wohner/in 14) | E4: Bereinigte Einzahlungen in 1.000 EUR | F4: Bereinigte Einzahlungen in EUR je Ein- wohner/in 14)
B5: Insgesamt | C5: 7420060.1 | D5: 4709.4658 | E5: 7142657.2 | F5: 4533.3999
A6: 1 | B6: Zentrale Verwaltung | C6: 1433385.1 | D6: 909.76059 | E6: 434023.05 | F6: 275.47172
B7: davon
A8: 11 | B8: Innere Verwaltung | C8: 968155.24 | D8: 614.48209 | E8: 241599.69 | F8: 153.34182
A9: 12 | B9: Sicherheit und Ordnung | C9: 465229.88 | D9: 295.2785 | E9: 192423.36 | F9: 122.1299
B10: darunter
A11: 122 | B11: Ordnungsangelegenheiten | C11: 186399.57 | D11: 118.30664 | E11: 107750.43 | F11: 68.388528
A12: 126 | B12: Brandschutz | C12: 223806.58 | D12: 142.04864 | E12: 45256.449 | F12: 28.723986
A13: 2 | B13: Schule und Kultur | C13: 867197.66 | D13: 550.40494 | E13: 286936.03 | F13: 182.11651
B14: davon
A15: 21-24 | B15: Schulträgeraufgaben | C15: 654190.06 | D15: 415.21035 | E15: 205716.94 | F15: 130.56726
B16: darunter
A17: 211 | B17: Grundschulen | C17: 159712.48 | D17: 101.36851 | E17: 63266.108 | F17: 40.154604
A18: 215 | B18: Realschulen | C18: 151827.43 | D18: 96.363923 | E18: 58753.554 | F18: 37.290514
A19: 217 | B19: Gymnasien | C19: 60566.196 | D19: 38.440986 | E19: 16735.246 | F19: 10.621756
A20: 221 | B20: Förderschulen | C20: 49017.121 | D20: 31.110861 | E20: 10510.563 | F20: 6.6709887
A21: 231 | B21: berufliche Schulen | C21: 57970.559 | D21: 36.793552 | E21: 12765.62 | F21: 8.1022593
A22: 241 | B22: Schülerbeförderung | C22: 89476.968 | D22: 56.790473 | E22: 4064.599 | F22: 2.5797756
A23: 25-29 | B23: Kultur und Wissenschaft | C23: 213007.6 | D23: 135.19459 | E23: 81219.089 | F23: 51.549249
B24: darunter
A25: 252 | B25: nichtwissenschaftliche Museen und Sammlungen | C25: 22068.196 | D25: 14.006546 | E25: 5669.349 | F25: 3.5983004
A26: 261, 262, 263 | B26: Theater, Musikpflege, Musikschulen | C26: 89184.725 | D26: 56.604988 | E26: 44465.739 | F26: 28.222127
A27: 281 | B27: Heimat- und sonstige Kulturpflege | C27: 38332.448 | D27: 24.329365 | E27: 10481.319 | F27: 6.6524277
A28: 3 | B28: Soziales und Jugend | C28: 3309777.5 | D28: 2100.6951 | E28: 2027410.4 | F28: 1286.7847
B29: davon
A30: 31-35 | B30: soziale Hilfen | C30: 1789657.8 | D30: 1135.8846 | E30: 1406202.5 | F30: 892.50793
B31: darunter
A32: 311 | B32: Grundversorgung und Hilfen nach SGB XII | C32: 414522.11 | D32: 263.0946 | E32: 335044.01 | F32: 212.65034
A33: 312 | B33: Grundsicherung für Arbeitssuchende nach SGB II | C33: 460365.06 | D33: 292.19083 | E33: 348942.77 | F33: 221.4718
A34: 313 | B34: Hilfen für Asylbewerberinnen und -bewerber | C34: 129963.58 | D34: 82.487072 | E34: 114168.15 | F34: 72.461815
A35: 314 | B35: Eingliederungshilfe nach SGB IX | C35: 596459.7 | D35: 378.56925 | E35: 487068.82 | F35: 309.13954
A36: 36 | B36: Kinder-, Jugend- und Familienhilfe | C36: 1520119.7 | D36: 964.81046 | E36: 621207.94 | F36: 394.2768
B37: darunter
A38: 361 | B38: Förderung von Kindern in Tageseinrichtungen und in Tagespflege | C38: 915949.01 | D38: 581.34712 | E38: 540353.59 | F38: 342.95905
A39: 363 | B39: sonstige Leistungen der Kinder-, Jugend- und Familienhilfe | C39: 473084.39 | D39: 300.26371 | E39: 50710.533 | F39: 32.185659
A40: 4 | B40: Gesundheit und Sport | C40: 175186.54 | D40: 111.1898 | E40: 45155.999 | F40: 28.660231
B41: davon
A42: 41 | B42: Gesundheitsdienste | C42: 68207.87 | D42: 43.291109 | E42: 18120.278 | F42: 11.500827
A43: 42 | B43: Sportförderung | C43: 106978.67 | D43: 67.898695 | E43: 27035.721 | F43: 17.159403
A44: 5 | B44: Gestaltung der Umwelt | C44: 1575521.2 | D44: 999.97344 | E44: 969648.87 | F44: 615.43008
B45: davon
A46: 51 | B46: räumliche Planung und Entwicklung | C46: 201345.49 | D46: 127.79272 | E46: 63986.074 | F46: 40.611562
A47: 52 | B47: Bauen und Wohnen | C47: 91856.773 | D47: 58.30092 | E47: 76916.121 | F47: 48.818182
A48: 53 | B48: Ver- und Entsorgung | C48: 311751.22 | D48: 197.86656 | E48: 368561.47 | F48: 233.92366
A49: 54 | B49: Verkehrsflächen und -anlagen, öffentlicher Personennahverkehr | C49: 628784.27 | D49: 399.08545 | E49: 282349.41 | F49: 179.20541
B50: darunter
A51: 541, 542, 543 | B51: Gemeinde-, Kreis- und Landesstraßen | C51: 415711.86 | D51: 263.84972 | E51: 154244.08 | F51: 97.897758
A52: 547 | B52: öffentlicher Personennahverkehr | C52: 149636.63 | D52: 94.973434 | E52: 84495.765 | F52: 53.628935
A53: 55 | B53: Natur- und Landschaftspflege | C53: 173288.28 | D53: 109.98499 | E53: 80842.081 | F53: 51.309964
A54: 56 | B54: Umweltschutz | C54: 978.365 | D54: 0.62096216 | E54: 375.563 | F54: 0.23836749
A55: 57 | B55: Wirtschaft und Tourismus | C55: 167516.76 | D55: 106.32184 | E55: 96618.152 | F55: 61.322938
A56: 6 | B56: Zentrale Finanzleistungen | C56: 58992.16 | D56: 37.441956 | E56: 3379482.8 | F56: 2144.9366
A57: 61 | B57: Allgemeine Finanzwirtschaft | C57: 58992.16 | D57: 37.441956 | E57: 3379482.8 | F57: 2144.9366
B58: darunter
A59: 611 | B59: Steuern, allgemeine Zuweisungen, allgemeine Umlagen | C59: 9179.495 | D59: 5.8261682 | E59: 3309032.3 | F59: 2100.2221
A60: 612 | B60: sonstige allgemeine Finanzwirtschaft | C60: 49812.665 | D60: 31.615787 | E60: 70450.536 | F60: 44.714515

Sheet 8.1.11
A1: Link zum Inhaltsverzeichnis
A2: 8.1 Öffentliche Finanzen
A3: 8.1.11 Schuldenstand des Öffentlichen Gesamthaushaltes nach Körperschaftsgruppen am 31. Dezember 2025
A4: Art der Schulden | B4: Schulden- stand insgesamt in 1.000 EUR | C4: Land in 1.000 EUR davon... | D4: ...Kern- haushalte (Land) in 1.000 EUR | E4: ...Extra- haus- halte 16) (Land) in 1.000 EUR | F4: Gemeinden und Ge- meindever- bände (GV) in 1.000 EUR davon... | G4: ...Kern- haushalte (Gemein- den/GV) in 1.000 EUR | H4: ...Extra- haus- halte 17) (Gemein- den/GV) in 1.000 EUR | I4: Sozialver- sicherun- gen unter Landesauf- sicht 18) in 1.000 EUR
A5: Schulden beim nicht-öffentlichen Bereich | B5: 10731848 | C5: 8228740.9 | D5: 8211016.8 | E5: 17724.122 | F5: 2503107.5 | G5: 1967427.4 | H5: 535680.15 | I5: -
A6: Kassenkredite | B6: 295178.51 | C6: 45000 | D6: 45000 | E6: - | F6: 250178.51 | G6: 249704.75 | H6: 473.759 | I6: -
A7: bei Kreditinstituten | B7: 295178.51 | C7: 45000 | D7: 45000 | E7: - | F7: 250178.51 | G7: 249704.75 | H7: 473.759 | I7: -
A8: beim sonstigen inländischen Bereich | B8: - | C8: - | D8: - | E8: - | F8: - | G8: - | H8: - | I8: -
A9: beim sonstigen ausländischen Bereich | B9: - | C9: - | D9: - | E9: - | F9: - | G9: - | H9: - | I9: -
A10: darunter im Rahmen von Cash-Pooling/Ein- heitskasse/Amtskasse vom Cash-Pool- Führer aufgenommene Kassenkredite | B10: 40859.016 | C10: - | D10: - | E10: - | F10: 40859.016 | G10: 40859.016 | H10: - | I10: -
A11: Wertpapierschulden | B11: 4343000 | C11: 4343000 | D11: 4343000 | E11: - | F11: - | G11: - | H11: - | I11: -
A12: Geldmarktpapiere | B12: - | C12: - | D12: - | E12: - | F12: - | G12: - | H12: - | I12: -
A13: Kapitalmarktpapiere | B13: 4343000 | C13: 4343000 | D13: 4343000 | E13: - | F13: - | G13: - | H13: - | I13: -
A14: Kredite | B14: 6093669.9 | C14: 3840740.9 | D14: 3823016.8 | E14: 17724.122 | F14: 2252929 | G14: 1717722.6 | H14: 535206.4 | I14: -
A15: bei Kreditinstituten | B15: 2854704.3 | C15: 601977.03 | D15: 585516.75 | E15: 16460.281 | F15: 2252727.2 | G15: 1717714 | H15: 535013.24 | I15: -
A16: beim sonstigen inländischen Bereich | B16: 3238965.6 | C16: 3238763.8 | D16: 3237500 | E16: 1263.841 | F16: 201.808 | G16: 8.652 | H16: 193.156 | I16: -
A17: beim sonstigen ausländischen Bereich | B17: - | C17: - | D17: - | E17: - | F17: - | G17: - | H17: - | I17: -
A18: Schulden beim öffentlichen Bereich 19) | B18: 1888836 | C18: 1615932.4 | D18: 1610497.7 | E18: 5434.725 | F18: 272903.62 | G18: 213574.77 | H18: 59328.848 | I18: -
A19: Kassenkredite | B19: 1731322.1 | C19: 1615184.7 | D19: 1610497.7 | E19: 4686.989 | F19: 116137.4 | G19: 107713.57 | H19: 8423.826 | I19: -
A20: beim Bund | B20: - | C20: - | D20: - | E20: - | F20: - | G20: - | H20: - | I20: -
A21: bei Ländern | B21: 1623224.7 | C21: 1610497.7 | D21: 1610497.7 | E21: - | F21: 12727.034 | G21: 12727.034 | H21: - | I21: -
A22: bei Gemeinden/Gemeindeverbänden | B22: 99782.362 | C22: - | D22: - | E22: - | F22: 99782.362 | G22: 94986.537 | H22: 4795.825 | I22: -
A23: bei Zweckverbänden und dgl. | B23: 223.223 | C23: - | D23: - | E23: - | F23: 223.223 | G23: - | H23: 223.223 | I23: -
A24: bei der gesetzlichen Sozialversicherung | B24: - | C24: - | D24: - | E24: - | F24: - | G24: - | H24: - | I24: -
A25: bei verbundenen Unternehmen, Beteili- gungen und Sondervermögen | B25: 3404.778 | C25: - | D25: - | E25: - | F25: 3404.778 | G25: - | H25: 3404.778 | I25: -
A26: bei sonstigen öffentl. Sonderrechnungen | B26: 4686.989 | C26: 4686.989 | D26: - | E26: 4686.989 | F26: - | G26: - | H26: - | I26: -
A27: darunter für eigenen Liquiditätsbedarf aus dem Cash-Pool/Einheitskasse/Amtskasse entnommene Mittel | B27: 1713908.1 | C27: 1610497.7 | D27: 1610497.7 | E27: - | F27: 103410.36 | G27: 94986.537 | H27: 8423.826 | I27: -
A28: Kredite | B28: 157513.96 | C28: 747.736 | D28: - | E28: 747.736 | F28: 156766.22 | G28: 105861.2 | H28: 50905.022 | I28: -
A29: beim Bund | B29: - | C29: - | D29: - | E29: - | F29: - | G29: - | H29: - | I29: -
A30: bei Ländern | B30: - | C30: - | D30: - | E30: - | F30: - | G30: - | H30: - | I30: -
A31: bei Gemeinden/Gemeindeverbänden | B31: 19419.785 | C31: - | D31: - | E31: - | F31: 19419.785 | G31: 2847.53 | H31: 16572.255 | I31: -
A32: bei Zweckverbänden und dgl. | B32: - | C32: - | D32: - | E32: - | F32: - | G32: - | H32: - | I32: -
A33: bei der gesetzlichen Sozialversicherung | B33: - | C33: - | D33: - | E33: - | F33: - | G33: - | H33: - | I33: -
A34: bei verbundenen Unternehmen, Beteili- gungen und Sondervermögen | B34: 23277.776 | C34: 747.736 | D34: - | E34: 747.736 | F34: 22530.04 | G34: - | H34: 22530.04 | I34: -
A35: bei sonstigen öffentl. Sonderrechnungen | B35: 114816.4 | C35: - | D35: - | E35: - | F35: 114816.4 | G35: 103013.67 | H35: 11802.727 | I35: -
A36: Schulden insgesamt | B36: 12620684 | C36: 9844673.3 | D36: 9821514.4 | E36: 23158.847 | F36: 2776011.2 | G36: 2181002.2 | H36: 595009 | I36: -
A37: Weitere Verpflichtungen (vorläufige Ergebnisse)
A38: Verbindlichkeiten aus Lieferungen und Leistungen und erhaltene Anzahlungen | B38: 259048.52 | C38: 29079.625 | D38: 10741.329 | E38: 18338.296 | F38: 229111.74 | G38: 122843.09 | H38: 106268.65 | I38: 857.159
A39: kreditähnliche Rechtsgeschäfte | B39: 293.504 | C39: - | D39: - | E39: - | F39: 293.504 | G39: 242.24 | H39: 51.264 | I39: -
A40: Hypotheken-, Grund- und Rentenschulden | B40: - | C40: - | D40: - | E40: - | F40: - | G40: - | H40: - | I40: -
A41: Restkaufgelder | B41: 99.912 | C41: - | D41: - | E41: - | F41: 99.912 | G41: 99.912 | H41: - | I41: -
A42: Finanzierungsleasing | B42: 193.592 | C42: - | D42: - | E42: - | F42: 193.592 | G42: 142.328 | H42: 51.264 | I42: -
A43: ÖPP-Projekte
A44: Projektsummen insgesamt | B44: 11223.441 | C44: - | D44: - | E44: - | F44: 11223.441 | G44: 11223.441 | H44: - | I44: -
A45: bisher geleistete Zahlungen | B45: 7185.198 | C45: - | D45: - | E45: - | F45: 7185.198 | G45: 7185.198 | H45: - | I45: -
A46: Energie-Einspar-Contracting
A47: Investitionssummen insgesamt | B47: - | C47: - | D47: - | E47: - | F47: - | G47: - | H47: - | I47: -
A48: darunter geleistete Baukostenzuschüsse | B48: - | C48: - | D48: - | E48: - | F48: - | G48: - | H48: - | I48: -
A49: Bürgschaften | B49: 565810.96 | C49: 432085.07 | D49: 432085.07 | E49: - | F49: 133725.89 | G49: 133725.89 | H49: - | I49: -
A50: gegenüber dem öffentlichen Bereich | B50: 99089.824 | C50: 89693.963 | D50: 89693.963 | E50: - | F50: 9395.861 | G50: 9395.861 | H50: - | I50: -
A51: gegenüber dem nicht-öffentlichen Bereich | B51: 466721.13 | C51: 342391.11 | D51: 342391.11 | E51: - | F51: 124330.03 | G51: 124330.03 | H51: - | I51: -
A52: Cash-Pooling/Einheitskasse/Amtskasse Verbindlichkeiten des Cash-Pool-Führers gegenüber zuführenden Einheiten | B52: 2479820.7 | C52: 1610497.7 | D52: 1610497.7 | E52: - | F52: 869322.98 | G52: 869322.98 | H52: - | I52: -

Sheet 8.1.12
A1: Link zum Inhaltsverzeichnis
A2: 8.1 Öffentliche Finanzen
A3: 8.1.12 Schulden des Öffentlichen Gesamthaushaltes der Länder und Gemeinden/Gemeindeverbände beim nicht-öffentlichen Bereich
A4: am 31. Dezember 2025 im Ländervergleich 20)
A5: Land | B5: Schulden insgesamt in Mill. EUR davon... | C5: ...Länder in Mill. EUR | D5: ...Gemeinden/ Gemeindeverbände in Mill. EUR | E5: Nachrichtlich: Schulden je Einwohnerin bzw. Einwohner in EUR
A6: Deutschland | B6: 821844.48 | C6: 624873.95 | D6: 196970.53 | E6: 9843.4805
A7: Baden-Württemberg | B7: 66796.273 | C7: 48272.253 | D7: 18524.02 | E7: 5943.4502
A8: Bayern | B8: 44780.001 | C8: 19177.505 | D8: 25602.496 | E8: 3380.5866
A9: Berlin | B9: 66386.199 | C9: 66386.199 | D9: x | E9: 17979.803
A10: Brandenburg | B10: 24041.979 | C10: 22284.721 | D10: 1757.2583 | E10: 9416.8825
A11: Bremen | B11: 26384.541 | C11: 26384.541 | D11: x | E11: 37418.352
A12: Hamburg | B12: 35781.209 | C12: 35781.209 | D12: x | E12: 19186.119
A13: Hessen | B13: 67816.404 | C13: 47046.326 | D13: 20770.079 | E13: 10803.127
A14: Mecklenburg-Vorpommern | B14: 10734.087 | C14: 8234.5931 | D14: 2499.4941 | E14: 6838.8757
A15: Niedersachsen | B15: 81288.833 | C15: 57583.135 | D15: 23705.698 | E15: 10161.439
A16: Nordrhein-Westfalen | B16: 245865.52 | C16: 172760.67 | D16: 73104.847 | E16: 13650.227
A17: Rheinland-Pfalz | B17: 39550.064 | C17: 28419.9 | D17: 11130.164 | E17: 9591.7798
A18: Saarland | B18: 16962.281 | C18: 14039.265 | D18: 2923.0162 | E18: 16808.25
A19: Sachsen | B19: 11277.624 | C19: 6989.6008 | D19: 4288.0236 | E19: 2800.3664
A20: Sachsen-Anhalt | B20: 27589.57 | C20: 23652.145 | D20: 3937.4248 | E20: 12981.134
A21: Schleswig-Holstein | B21: 39649.692 | C21: 32679.088 | D21: 6970.6042 | E21: 13401.528
A22: Thüringen | B22: 16940.204 | C22: 15182.797 | D22: 1757.4067 | E22: 8110.3085
A24: Grafik 8.6 | G24: Daten der Grafik 8.6 "Schulden der Länder und Gemeinden/Gemeindeverbände beim nicht-öffentlichen Bereich je Einwohner am 31.12.2025 im Ländervergleich"
G25: Bundesland | H25: Schulden je Einwohner
G26: Baden-Württemberg | H26: =E7 -> 5943.4502
G27: Bayern | H27: =E8 -> 3380.5866
G28: Berlin | H28: =E9 -> 17979.803
G29: Brandenburg | H29: =E10 -> 9416.8825
G30: Bremen | H30: =E11 -> 37418.352
G31: Hamburg | H31: =E12 -> 19186.119
G32: Hessen | H32: =E13 -> 10803.127
G33: Mecklenburg-Vorpommern | H33: =E14 -> 6838.8757
G34: Niedersachsen | H34: =E15 -> 10161.439
G35: Nordrhein-Westfalen | H35: =E16 -> 13650.227
G36: Rheinland-Pfalz | H36: =E17 -> 9591.7798
G37: Saarland | H37: =E18 -> 16808.25
... G41: Thüringen | H41: =E22 -> 8110.3085
G42: Deutschland | H42: =E6 -> 9843.4805

Sheet 8.2.1
A1: Link zum Inhaltsverzeichnis
A2: 8.2 Personal
A3: 8.2.1 Personal des öffentlichen Dienstes am 30. Juni 2025 nach Dienstverhältnissen und Beschäftigungsbereichen
A4: Beschäf- tigungs- bereichs- Nr. | B4: Beschäftigungsbereich | C4: Beschäf- tigte insgesamt 2024 | D4: Beschäf- tigte insgesamt 2025 und zwar... | E4: ...Beam- tinnen und Beamte sowie Rich- terinnen und Richter 21) | F4: ...Arbeit- nehme- rinnen und Arbeit- nehmer 22) | G4: ...Voll- zeit- beschäf- tigte | H4: ...Teil- zeit- beschäf- tigte | I4: …darunter Teilzeit- beschäf- tigte in Alters- teilzeit | J4: Außerdem gering- fügig Be- schäftigte
B5: Bundesdienst | C5: 23760 | D5: … | E5: … | F5: … | G5: … | H5: … | I5: … | J5: …
B6: Unmittelbarer Bundesdienst | C6: 16895 | D6: … | E6: … | F6: … | G6: … | H6: … | I6: … | J6: …
A7: 01 | B7: Kernhaushalt | C7: 16875 | D7: … | E7: … | F7: … | G7: … | H7: … | I7: … | J7: …
A8: 02 | B8: Sonderrechnungen | C8: - | D8: … | E8: … | F8: … | G8: … | H8: … | I8: … | J8: …
A9: 04 | B9: Bundeseisenbahnvermögen | C9: 20 | D9: … | E9: … | F9: … | G9: … | H9: … | I9: … | J9: …
B10: Mittelbarer Bundesdienst | C10: 6870 | D10: … | E10: … | F10: … | G10: … | H10: … | I10: … | J10: …
B11: darunter | D11: … | E11: … | F11: … | G11: … | H11: … | I11: … | J11: …
A12: 06 | B12: Bundesagentur für Arbeit | C12: 3275 | D12: … | E12: … | F12: … | G12: … | H12: … | I12: … | J12: …
A13: 30 - 34 | B13: Sozialversicherungsträger unter Bundesaufsicht 23) | C13: 3005 | D13: … | E13: … | F13: … | G13: … | H13: … | I13: … | J13: …
B14: Landesdienst | C14: 79305 | D14: 80355 | E14: 21020 | F14: 59335 | G14: 55685 | H14: 24670 | I14: 225 | J14: 3260
B15: Unmittelbarer Landesdienst | C15: 67665 | D15: 68200 | E15: 20605 | F15: 47595 | G15: 47720 | H15: 20480 | I15: 165 | J15: 2495
B16: Personal des Landes | C16: 38760 | D16: 39120 | E16: 18680 | F16: 20440 | G16: 28355 | H16: 10765 | I16: - | J16: 930
A17: 11 | B17: Landesbehörden | C17: 34620 | D17: 34870 | E17: 17960 | F17: 16915 | G17: 25705 | H17: 9170 | I17: - | J17: 95
A18: 12 | B18: rechtlich unselbstständige Ein- richtungen und Unternehmen | C18: 4135 | D18: 4250 | E18: 720 | F18: 3525 | G18: 2655 | H18: 1595 | I18: - | J18: 835
B19: Gemeinden und Gemeinde- verbände | C19: 27640 | D19: 27790 | E19: 1920 | F19: 25870 | G19: 18310 | H19: 9480 | I19: 135 | J19: 1520
A20: 21 | B20: Verwaltung | C20: 23020 | D20: 23255 | E20: 1835 | F20: 21425 | G20: 15515 | H20: 7745 | I20: 110 | J20: 1400
A21: 22 | B21: rechtlich unselbstständige Ein- richtungen und Unternehmen | C21: 3215 | D21: 3105 | E21: 85 | F21: 3020 | G21: 1890 | H21: 1215 | I21: 10 | J21: 120
A22: 23 | B22: Krankenhäuser der Gemeinden | C22: 1405 | D22: 1430 | E22: - | F22: 1430 | G22: 900 | H22: 525 | I22: 15 | J22: -
B23: Kommunale Zweckverbände | C23: 1270 | D23: 1290 | E23: 5 | F23: 1285 | G23: 1055 | H23: 235 | I23: 30 | J23: 40
A24: 24 | B24: Zweckverbände | C24: 1270 | D24: 1290 | E24: 5 | F24: 1285 | G24: 1055 | H24: 235 | I24: 30 | J24: 40
B25: Mittelbarer Landesdienst | C25: 11640 | D25: 12155 | E25: 420 | F25: 11740 | G25: 7965 | H25: 4195 | I25: 60 | J25: 765
A26: 42 | B26: Unfallversicherung | C26: 80 | D26: 80 | E26: 5 | F26: 70 | G26: 65 | H26: 15 | I26: - | J26: -
A27: 47 | B27: rechtlich selbstständige Einrich- tungen in öffentlich-rechtlicher Rechtsform unter Aufsicht des Landes | C27: 11240 | D27: 11750 | E27: 410 | F27: 11340 | G27: 7625 | H27: 4125 | I27: 60 | J27: 765
A28: 48 | B28: rechtlich selbstständige Einrich- tungen in öffentlich-rechtlicher Rechtsform unter Aufsicht der Gemeinden/Gemeindeverbände | C28: 315 | D28: 330 | E28: - | F28: 325 | G28: 275 | H28: 55 | I28: - | J28: -

Sheet 8.2.2
A1: Link zum Inhaltsverzeichnis
A2: 8.2 Personal
A3: 8.2.2 Personal des Landes am 30. Juni 2025 nach Dienstverhältnissen und Geschäftsbereichen
A4: Einzel- plan, Kapi- tel 24) | B4: Geschäftsbereich | C4: Be- schäftigte insgesamt | D4: Vollzeit- beschäf- tigte zusammen davon... | E4: …vollzeit- beschäftigte Beamtinnen und Beamte sowie Rich- terinnen und Richter | F4: …vollzeit- beschäftigte Arbeitneh- merinnen und Arbeit- nehmer | G4: Teilzeit- beschäf- tigte zusammen darunter... | H4: ...Teil- zeit- beschäft- tige nach T 1 25) | I4: ...Teil- zeit- beschäf- tigte in Alters- teilzeit | J4: Außer- dem gering- fügig Beschäf- tigte
B5: Personal des Landes | C5: 39120 | D5: 28355 | E5: 15660 | F5: 12700 | G5: 10765 | H5: 9625 | I5: - | J5: 930
B6: darunter weiblich | C6: 23360 | D6: 14710 | E6: 7295 | F6: 7415 | G6: 8650 | H6: 7905 | I6: - | J6: 570
B7: Landesbehörden zusammen | C7: 34870 | D7: 25705 | E7: 14965 | F7: 10740 | G7: 9170 | H7: 8330 | I7: - | J7: 95
B8: darunter weiblich | C8: 21220 | D8: 13585 | E8: 7080 | F8: 6505 | G8: 7635 | H8: 7060 | I8: - | J8: 60
A9: 01 | B9: Landtag | C9: 235 | D9: 175 | E9: 30 | F9: 145 | G9: 60 | H9: 60 | I9: - | J9: -
A10: 02 | B10: Landesrechnungshof | C10: 90 | D10: 70 | E10: 60 | F10: 15 | G10: 20 | H10: 20 | I10: - | J10: -
A11: 03 | B11: Geschäftsbereich der Minister- präsidentin | C11: 130 | D11: 105 | E11: 60 | F11: 45 | G11: 25 | H11: 25 | I11: - | J11: -
B12: darunter
A13: 0301 | B13: Ministerpräsidentin – Staatskanzlei – | C13: 125 | D13: 100 | E13: 60 | F13: 40 | G13: 25 | H13: 25 | I13: - | J13: -
A14: 04 | B14: Geschäftsbereich des Ministeriums für Inneres, Bau und Digitalisierung | C14: 7535 | D14: 6740 | E14: 5755 | F14: 985 | G14: 790 | H14: 785 | I14: - | J14: 5
B15: darunter
A16: 0401 | B16: Ministerium | C16: 440 | D16: 355 | E16: 255 | F16: 105 | G16: 80 | H16: 80 | I16: - | J16: -
A17: 0406 | B17: Polizei | C17: 6290 | D17: 5750 | E17: 5165 | F17: 585 | G17: 540 | H17: 540 | I17: - | J17: 5
A18: 0407 | B18: Landesamt für innere Verwaltung | C18: 360 | D18: 235 | E18: 55 | F18: 175 | G18: 130 | H18: 130 | I18: - | J18: -
A19: 05 | B19: Geschäftsbereich des Finanz- ministeriums | C19: 3670 | D19: 2800 | E19: 1940 | F19: 865 | G19: 870 | H19: 865 | I19: - | J19: -
B20: darunter
A21: 0501 | B21: Ministerium | C21: 440 | D21: 345 | E21: 230 | F21: 115 | G21: 95 | H21: 90 | I21: - | J21: -
A22: 0502 | B22: Landesamt für Finanzen | C22: 320 | D22: 235 | E22: 120 | F22: 115 | G22: 85 | H22: 85 | I22: - | J22: -
A23: 0503 | B23: Finanzämter | C23: 2465 | D23: 1870 | E23: 1570 | F23: 300 | G23: 595 | H23: 595 | I23: - | J23: -
A24: 0505 | B24: Staatliche Bau- und Liegen- schaftsämter | C24: 445 | D24: 355 | E24: 15 | F24: 335 | G24: 95 | H24: 95 | I24: - | J24: -
A25: 06 | B25: Geschäftsbereich des Ministeriums für Wirtschaft, Infrastruktur, Tourismus und Arbeit | C25: 1400 | D25: 1235 | E25: 215 | F25: 1020 | G25: 160 | H25: 160 | I25: - | J25: -
B26: darunter
A27: 0601 | B27: Ministerium | C27: 300 | D27: 250 | E27: 130 | F27: 120 | G27: 55 | H27: 55 | I27: - | J27: -
A28: 0604 | B28: Landesamt für Straßenbau und Verkehr, Straßenbauämter | C28: 1045 | D28: 955 | E28: 80 | F28: 875 | G28: 90 | H28: 90 | I28: - | J28: -
A29: 07 | B29: Geschäftsbereich des Ministeriums für Bildung und Kindertagesförderung | C29: 15110 | D29: 9355 | E29: 3855 | F29: 5505 | G29: 5755 | H29: 4940 | I29: - | J29: 80
B30: darunter
A31: 0701 | B31: Ministerium | C31: 415 | D31: 350 | E31: 135 | F31: 215 | G31: 65 | H31: 60 | I31: - | J31: -
A32: 0751 | B32: Grundschulen | C32: 3420 | D32: 2055 | E32: 765 | F32: 1290 | G32: 1370 | H32: 1120 | I32: - | J32: 25
A33: 0752 | B33: Förderschulen | C33: 1495 | D33: 810 | E33: 265 | F33: 545 | G33: 685 | H33: 640 | I33: - | J33: 5
A34: 0753 | B34: Gesamtschulen | C34: 1660 | D34: 930 | E34: 470 | F34: 465 | G34: 730 | H34: 610 | I34: - | J34: 10
A35: 0754 | B35: Regionale Schulen | C35: 4165 | D35: 2680 | E35: 985 | F35: 1700 | G35: 1480 | H35: 1235 | I35: - | J35: 20
A36: 0755 | B36: Gymnasien | C36: 2370 | D36: 1420 | E36: 915 | F36: 505 | G36: 950 | H36: 830 | I36: - | J36: 20
A37: 0756 | B37: Berufliche Schulen | C37: 1380 | D37: 975 | E37: 275 | F37: 700 | G37: 410 | H37: 375 | I37: - | J37: 5
A38: 08 | B38: Geschäftsbereich des Ministeriums für Klimaschutz, Landwirtschaft, ländliche Räume und Umwelt | C38: 2020 | D38: 1430 | E38: 365 | F38: 1065 | G38: 590 | H38: 585 | I38: - | J38: 10
B39: davon
A40: 0801 | B40: Ministerium | C40: 335 | D40: 265 | E40: 130 | F40: 135 | G40: 70 | H40: 70 | I40: - | J40: -
A41: 0805 | B41: Staatliche Ämter für Landwirtschaft und Umwelt | C41: 765 | D41: 545 | E41: 145 | F41: 400 | G41: 225 | H41: 220 | I41: - | J41: -
A42: 0806 | B42: Landesamt für Umwelt, Naturschutz und Geologie | C42: 265 | D42: 160 | E42: 20 | F42: 140 | G42: 105 | H42: 100 | I42: - | J42: -
A43: 0811 | B43: Landesamt für Landwirtschaft, Lebensmittelsicherheit und Fischerei | C43: 305 | D43: 210 | E43: 40 | F43: 170 | G43: 95 | H43: 95 | I43: - | J43: -
A44: 0813 | B44: Landesforschungsanstalt für Land- wirtschaft und Fischerei | C44: 110 | D44: 70 | E44: 5 | F44: 65 | G44: 40 | H44: 40 | I44: - | J44: -
A45: 0814 | B45: Fachschule für Agrarwirtschaft | C45: 35 | D45: 25 | E45: 5 | F45: 20 | G45: 10 | H45: 10 | I45: - | J45: -
A46: 0817 | B46: Nationalparkämter und Biosphärenreservate | C46: 200 | D46: 155 | E46: 25 | F46: 130 | G46: 45 | H46: 45 | I46: - | J46: 5
A47: 09 | B47: Geschäftsbereich des Ministeriums für Justiz, Gleichstellung und Verbraucherschutz | C47: 3565 | D47: 2975 | E47: 2385 | F47: 585 | G47: 590 | H47: 585 | I47: - | J47: -
B48: darunter
A49: 0901 | B49: Ministerium | C49: 165 | D49: 130 | E49: 85 | F49: 40 | G49: 35 | H49: 35 | I49: - | J49: -
A50: 0902 | B50: Gerichte und Staatsanwaltschaften | C50: 2275 | D50: 1875 | E50: 1475 | F50: 400 | G50: 400 | H50: 400 | I50: - | J50: -
A51: 0903 | B51: Justizvollzugseinrichtungen | C51: 725 | D51: 675 | E51: 610 | F51: 65 | G51: 50 | H51: 50 | I51: - | J51: -
A52: 10 | B52: Geschäftsbereich des Ministeriums für Soziales, Gesundheit und Sport | C52: 695 | D52: 475 | E52: 205 | F52: 270 | G52: 215 | H52: 215 | I52: - | J52: -
B53: davon
A54: 1001 | B54: Ministerium | C54: 180 | D54: 130 | E54: 55 | F54: 75 | G54: 50 | H54: 50 | I54: - | J54: -
A55: 1016 | B55: Landesamt für Gesundheit und Soziales | C55: 515 | D55: 345 | E55: 150 | F55: 200 | G55: 165 | H55: 165 | I55: - | J55: -
A56: 13 | B56: Geschäftsbereich des Ministeriums für Wissenschaft, Kultur, Bundes- und Europaangelegenheiten | C56: 425 | D56: 335 | E56: 95 | F56: 245 | G56: 90 | H56: 85 | I56: - | J56: -
B57: darunter
A58: 1301 | B58: Ministerium | C58: 150 | D58: 110 | E58: 50 | F58: 55 | G58: 45 | H58: 45 | I58: - | J58: -
A59: 1308 | B59: Landesamt für Kultur und Denkmalpflege | C59: 115 | D59: 95 | E59: 25 | F59: 70 | G59: 20 | H59: 20 | I59: - | J59: -
A60: 1309 | B60: Staatliche Schlösser, Gärten und Kunstsammlungen | C60: 110 | D60: 85 | E60: 5 | F60: 80 | G60: 25 | H60: 20 | I60: - | J60: -
B61: Rechtlich unselbstständige Einrichtun- gen und Unternehmen des Landes | C61: 4250 | D61: 2655 | E61: 695 | F61: 1960 | G61: 1595 | H61: 1295 | I61: - | J61: 835
B62: darunter weiblich | C62: 2145 | D62: 1125 | E62: 215 | F62: 910 | G62: 1015 | H62: 845 | I62: - | J62: 510
A63: 13 | B63: Geschäftsbereich des Ministeriums für Wissenschaft, Kultur, Bundes- und Europaangelegenheiten | C63: 4180 | D63: 2600 | E63: 695 | F63: 1900 | G63: 1580 | H63: 1285 | I63: - | J63: 835
B64: davon
A65: 1371 | B65: Universität Greifswald | C65: 1470 | D65: 810 | E65: 210 | F65: 600 | G65: 660 | H65: 545 | I65: - | J65: 335
A66: 1373 | B66: Universität Rostock | C66: 1600 | D66: 1050 | E66: 225 | F66: 825 | G66: 550 | H66: 440 | I66: - | J66: 295
A67: 1375 | B67: Hochschule für Musik und Theater | C67: 105 | D67: 50 | E67: 20 | F67: 30 | G67: 55 | H67: 45 | I67: - | J67: 30
A68: 1376 | B68: Hochschule Neubrandenburg | C68: 290 | D68: 185 | E68: 65 | F68: 120 | G68: 105 | H68: 80 | I68: - | J68: 75
A69: 1377 | B69: Hochschule Stralsund | C69: 245 | D69: 195 | E69: 65 | F69: 130 | G69: 50 | H69: 35 | I69: - | J69: 35
A70: 1378 | B70: Hochschule Wismar | C70: 470 | D70: 305 | E70: 105 | F70: 200 | G70: 165 | H70: 140 | I70: - | J70: 75

Sheet 8.2.3
A1: Link zum Inhaltsverzeichnis
A2: 8.2 Personal
A3: 8.2.3 Personal des Landes sowie der Gemeinden und Gemeindeverbände am 30. Juni im Zeitvergleich
A4: Merkmal | B4: 1995 | C4: 2000 | D4: 2005 | E4: 2010 | F4: 2015 | G4: 2020 | H4: 2024 | I4: 2025 | J4: Darunter weiblich
A5: Personal des Landes
A6: Vollzeitbeschäftigte | B6: 51825 | C6: 49030 | D6: 34440 | E6: 25525 | F6: 26815 | G6: 27270 | H6: 28450 | I6: 28355 | J6: 14710
A7: davon in
A8: Landesbehörden | B8: 46470 | C8: 43310 | D8: 30370 | E8: 21000 | F8: 23810 | G8: 24780 | H8: 25810 | I8: 25705 | J8: 13585
A9: rechtlich unselbstständigen Ein- richtungen und Unternehmen | B9: 265 | C9: 405 | D9: 1370 | E9: 4520 | F9: 3005 | G9: 2490 | H9: 2645 | I9: 2655 | J9: 1125
A10: Krankenhäusern 26) | B10: 5085 | C10: 5315 | D10: 2700 | E10: x | F10: x | G10: x | H10: x | I10: x | J10: x
A11: Teilzeitbeschäftigte T 1 27) und Altersteilzeitbeschäftigte | B11: 6440 | C11: 6615 | D11: 14080 | E11: 13630 | F11: 9085 | G11: 7720 | H11: 9345 | I11: 9625 | J11: 7905
A12: davon in
A13: Landesbehörden | B13: 5710 | C13: 5785 | D13: 13245 | E13: 11730 | F13: 7720 | G13: 6590 | H13: 8065 | I13: 8330 | J13: 7060
A14: rechtlich unselbstständigen Ein- richtungen und Unternehmen | B14: 50 | C14: 105 | D14: 220 | E14: 1900 | F14: 1365 | G14: 1130 | H14: 1280 | I14: 1295 | J14: 845
A15: Krankenhäusern 26) | B15: 675 | C15: 725 | D15: 610 | E15: x | F15: x | G15: x | H15: x | I15: x | J15: x
A16: Personal der Gemeinden und Gemeindeverbände
A17: Vollzeitbeschäftigte | B17: 35830 | C17: 26560 | D17: 19520 | E17: 15390 | F17: 16375 | G17: 16730 | H17: 18185 | I17: 18310 | J17: 9195
A18: davon in
A19: Verwaltung | B19: 29445 | C19: 20325 | D19: 16280 | E19: 13490 | F19: 13745 | G19: 14140 | H19: 15405 | I19: 15515 | J19: 7845
A20: rechtlich unselbstständigen Ein- richtungen und Unternehmen | B20: 400 | C20: 1275 | D20: 1200 | E20: 960 | F20: 1715 | G20: 1675 | H20: 1890 | I20: 1890 | J20: 725
A21: Krankenhäusern 26) | B21: 5980 | C21: 4960 | D21: 2035 | E21: 940 | F21: 920 | G21: 915 | H21: 890 | I21: 900 | J21: 625
A22: Teilzeitbeschäftigte T 1 27) und Altersteilzeitbeschäftigte | B22: 15355 | C22: 11565 | D22: 8545 | E22: 9005 | F22: 8005 | G22: 8185 | H22: 9105 | I22: 9130 | J22: 7575
A23: davon in
A24: Verwaltung | B24: 14415 | C24: 10230 | D24: 6960 | E24: 7805 | F24: 6455 | G24: 6505 | H24: 7300 | I24: 7425 | J24: 6140
A25: rechtlich unselbstständigen Ein- richtungen und Unternehmen | B25: 105 | C25: 470 | D25: 840 | E25: 855 | F25: 1265 | G25: 1310 | H25: 1295 | I25: 1190 | J25: 975
A26: Krankenhäusern 26) | B26: 835 | C26: 865 | D26: 750 | E26: 345 | F26: 285 | G26: 370 | H26: 510 | I26: 515 | J26: 460

Sheet 8.2.4+8.2.5
A1: Link zum Inhaltsverzeichnis
A2: 8.2 Personal
A3: 8.2.4 Personal des Landes sowie der Gemeinden und Gemeindeverbände am 30. Juni 2025
A4: nach Dienstverhältnissen
A5: Merkmal | B5: Vollzeit- beschäftigte insgesamt davon in... | C5: ...Landes- behör- den/Ver- waltung | D5: ...rechtlich unselbststän- digen Einrich- tungen und Unternehmen | E5: ...Kran- ken- häusern | F5: Teilzeit- beschäftigte T 1 27) und Altersteilzeit- beschäftigte insgesamt davon in... | G5: ...Landes- behör- den/Ver- waltung | H5: ...rechtlich unselbststän- digen Einrich- tungen und Unterneh- men | I5: ...Kran- ken- häusern
A6: Personal des Landes
A7: Beamtinnen und Beamte sowie Richterinnen und Richter | B7: 15660 | C7: 14965 | D7: 695 | E7: x | F7: 2985 | G7: 2965 | H7: 25 | I7: x
A8: darunter weiblich | B8: 7295 | C8: 7080 | D8: 215 | E8: x | F8: 2510 | G8: 2490 | H8: 20 | I8: x
A9: Arbeitnehmerinnen und Arbeitnehmer | B9: 12700 | C9: 10740 | D9: 1960 | E9: x | F9: 6635 | G9: 5365 | H9: 1270 | I9: x
A10: darunter weiblich | B10: 7415 | C10: 6505 | D10: 910 | E10: x | F10: 5395 | G10: 4570 | H10: 825 | I10: x
A11: Personal der Gemeinden und Gemeindeverbände
A12: Beamtinnen und Beamte sowie Richterinnen und Richter | B12: 1735 | C12: 1670 | D12: 65 | E12: - | F12: 180 | G12: 160 | H12: 20 | I12: -
A13: darunter weiblich | B13: 585 | C13: 545 | D13: 40 | E13: - | F13: 155 | G13: 140 | H13: 15 | I13: -
A14: Arbeitnehmerinnen und Arbeitnehmer | B14: 16570 | C14: 13845 | D14: 1825 | E14: 900 | F14: 8945 | G14: 7265 | H14: 1170 | I14: 515
A15: darunter weiblich | B15: 8610 | C15: 7305 | D15: 685 | E15: 625 | F15: 7420 | G15: 6005 | H15: 955 | I15: 460
A17: Grafik 8.7 | L17: Daten der Grafik 8.7 "Personal des Landes sowie der Gemeinden und Gemeindeverbände am 30.06. im Zeitvergleich"
L18: Jahr | M18: Vollzeitbeschäftigte des Landes | N18: Vollzeitbeschäftigte der Gemeinden und Gemeindeverbände | O18: Teilzeitbeschäftigte des Landes | P18: Teilzeitbeschäftigte der Gemeinden und Gemeindeverbände
L19: 1991 | M19: 65845 | N19: 84355 | O19: 3560 | P19: 10795
L20: 1995 | M20: 51825 | N20: 35830 | O20: 6440 | P20: 15355
L21: 2000 | M21: 49030 | N21: 26560 | O21: 6615 | P21: 11565
L22: 2005 | M22: 34440 | N22: 19520 | O22: 14080 | P22: 8545
L23: 2010 | M23: 25525 | N23: 15390 | O23: 13630 | P23: 9005
L24: 2015 | M24: 26815 | N24: 16375 | O24: 9085 | P24: 8005
L25: 2020 | M25: 27270 | N25: 16730 | O25: 7720 | P25: 8185
L26: 2022 | M26: 28450 | N26: 17490 | O26: 8665 | P26: 8880
L27: 2023 | M27: 28490 | N27: 17895 | O27: 9105 | P27: 8965
L28: 2024 | M28: 28455 | N28: 18180 | O28: 9345 | P28: 9105
L29: 2025 | M29: =B7+B9 -> 28360 | N29: =B12+B14 -> 18305 | O29: =F7+F9 -> 9620 | P29: =F12+F14 -> 9125
A42: 8.2.5 Versorgungsempfängerinnen und -empfänger am 1. Januar im Zeitvergleich nach Art der Versorgung
A43: Art der Bezüge | B43: 2005 | C43: 2010 | D43: 2015 | E43: 2020 | F43: 2021 | G43: 2022 | H43: 2023 | I43: 2024 | J43: 2025
A44: Versorgungsbezüge | B44: 1460 | C44: 2820 | D44: 4985 | E44: 8005 | F44: 8660 | G44: 9250 | H44: 9830 | I44: 10345 | J44: 10860
A45: davon
A46: Ruhegehalt | B46: 1135 | C46: 2395 | D46: 4305 | E46: 7000 | F46: 7530 | G46: 8045 | H46: 8510 | I46: 8940 | J46: 9380
A47: Witwen-/Witwergeld | B47: 190 | C47: 325 | D47: 565 | E47: 880 | F47: 1000 | G47: 1080 | H47: 1195 | I47: 1280 | J47: 1360
A48: Waisengeld | B48: 130 | C48: 100 | D48: 120 | E48: 120 | F48: 130 | G48: 130 | H48: 125 | I48: 120 | J48: 120

Sheet Fußnotenerläuterungen
A1: Link zum Inhaltsverzeichnis
A2: Fußnotenerläuterungen
A3: 1) | B3: Ohne Schuldendiensthilfen.
A4: 2) | B4: Kassenwirksam gewordene Steuereinnahmen nach der Steuerverteilung.
A5: 3) | B5: Ab 2005: Einschließlich Umsatzsteuermehraufkommen für Familienleistungsausgleich.
A6: 4) | B6: Ab 2020: Neuordnung des Bund-Länder-Finanzausgleichs, steuerschwache Länder erhalten anstelle von LFA-Zuweisungen einen Zuschlag zur Umsatzsteuer.
A7: 5) | B7: Ab 2020: Neuordnung des Bund-Länder-Finanzausgleichs, Länder mit unterdurchschnittlichen Gemeindesteuern erhalten Gemeindesteuerkraftzuweisungen.
A8: 6) | B8: Ab 2005: In den Gemeinschaft- und Landessteuern enthalten.
A9: 7) | B9: Ab 2010: In der Finanzausgleichsmasse enthalten.
A10: 8) | B10: 2015: Ohne Sonderhilfen und Aufstockungsbeträge des Landes, die außerhalb des kommunalen Finanzausgleichs gewährt wurden.
A11: 9) | B11: Nach 2010: Einschließlich große kreisangehörige Städte.
A12: 10) | B12: Nach dem Bevölkerungsstand vom 31.12. des Vorvorjahres.
A13: 11) | B13: Stand Juni; ohne Vorentnahmen, Sonderbedarfszuweisungen, Sonderzuweisungen, Zuweisungen des Kommunalen Aufbaufonds und des Kommunalen Entschuldungsfonds.
A14: 12) | B14: Finanzvermögen der Kern- und Extrahaushalte der Länder und Gemeinden/Gemeindeverbände beim nicht-öffentlichen Bereich.
... A29: 27) | B29: Mit mindestens der Hälfte der regelmäßigen Wochenarbeitszeit einer Vollzeitbeschäftigten bzw. eines Vollzeitbeschäftigten.

Sheet Methodik
A1: Link zum Inhaltsverzeichnis
A2: Methodik
A3: Finanzstatistiken: Die Auszahlungen und Einzahlungen der öffentlichen Haushalte werden auf der Basis der vierteljährlichen Kassenab- schlüsse sowie der abgeschlossenen Jahresrechnungen dargestellt. Ihre Zuordnung erfolgt nach den verbindlichen Vorschriften der Haus- haltsplangliederung und -gruppierung bzw. des landeseinheitlichen Kontenrahmenplanes und des landeseinheitlichen Produktrahmenpla- nes. Die Daten der öffentlichen Verschuldung werden im Rahmen der Statistik über den Schuldenstand erfasst.
A4: Kommunaler Finanzausgleich: Zum Ausgleich der unterschiedlichen Belastungen der Gemeinden mit Ausgaben regelt das Grundgesetz in Artikel 106 Absatz 7, dass den Gemeinden und Gemeindeverbänden ein von der Landesgesetzgebung zu bestimmender Prozentsatz vom Länderanteil der Gemeinschaftsteuern zufließen muss (Finanzausgleichsmasse).
A5: Finanzausgleichsleistungen: Die Finanzausgleichsleistungen des Landes werden gemäß § 7 Finanzausgleichsgesetz (FAG M‑V) nach dem sogenannten Gleichmäßigkeitsgrundsatz gebildet. Dieser regelt die proportionale Entwicklung der Einnahmen des Landes und der Kommunen.
A6: Zweckzuweisungen/allgemeine Zuweisungen: Um eine unterschiedliche Belastung mit Aufgaben auszugleichen, werden von der Finanz- ausgleichsmasse nach § 13 FAG M-V (Finanzausgleichsleistungen des Landes und Aufkommen aus der Finanzausgleichsumlage) vorweg Zweckzuweisungen getätigt, sogenannte Vorwegabzüge. Der verbleibende Teil der Finanzausgleichsmasse fließt gemäß § 14 Absatz 1 Nr. 2 FAG M-V den Schlüsselzuweisungen zu (allgemeine Zuweisungen).
A7: Schlüsselzuweisungen: Mittel, die den Kommunen aus der Finanzausgleichsmasse ohne Zweckbindung zur Finanzierung des Finanzbe- darfs zur Verfügung gestellt werden. Zu deren Berechnung werden der fiktive Finanzbedarf und die Steuerkraft der Kommunen gegen- übergestellt. Ist die Steuerkraft geringer als der Finanzbedarf, erhält die Kommune einen bestimmten Anteil (2025: 60 Prozent) des Un- terschiedsbetrages als Schlüsselzuweisung.
A8: Schulden: Die Gliederung der Schulden nach Arten unterscheidet zwischen den Schulden aus Kreditmarktmitteln und den Schulden beim öffentlichen Bereich (Verwaltungen). Für die Zuordnung der Schulden zu den Arten ist grundsätzlich die bzw. der in der Schuldurkunde ge- zeichnete Gläubigerin bzw. Gläubiger maßgebend. Abweichend von diesem Grundsatz werden die von den Kreditinstituten ausgezahlten, aber aus öffentlichen Mitteln stammenden Darlehen nach ihrer Herkunft zugeordnet. Die Aufteilung nach der Gläubigerin bzw. dem Gläubiger entfällt bei allen Schulden, für die Wertpapiere ausgegeben wurden (Inhaber- schuldverschreibungen, Kassenobligationen), desgleichen bei den Hypotheken-, Grund- und Rentenschulden sowie den Restkaufgeldern. Unter die Hypotheken- und Grundschulden fallen jedoch nur die Schulden, die von der betreffenden Körperschaft beim Erwerb bereits be- lasteter Grundstücke übernommen wurden. Hypothekarisch gesicherte Darlehensaufnahmen erscheinen dagegen bei der dem Kreditgeber entsprechenden Schuldart.
A9: Personalstandstatistik: Zum Personalbestand des öffentlichen Dienstes zählen alle Beschäftigten, die am Stichtag in einem unmittelbaren, grundsätzlich entgeltpflichtigen Dienst- bzw. Arbeitsvertragsverhältnis zu einer berichtspflichtigen Dienststelle stehen und in der Regel Gehalt/Besoldung, Vergütung oder Lohn aus Haushaltsmitteln der Berichtsstelle beziehen. Hierzu gehören neben den Dauerbeschäftigten die Beschäftigten in Ausbildung, mit Zeitvertrag sowie Beschäftigte nach den früheren §§ 91 - 97 des Arbeitsförderungsgesetzes, das durch das SGB III ersetzt wurde. Außerdem werden seit 1999 die geringfügig Beschäftigten erfasst.
A10: Nicht in die Personalstandstatistik einbezogen werden die folgenden Personengruppen: - Personen, die eine kurzfristige Tätigkeit ausüben, - Personen, die eine ehrenamtliche Tätigkeit ausüben, - Kräfte, die ausschließlich und direkt aus Drittmitteln bezahlt werden, - in Nebenamt/Nebenbeschäftigung bei einer weiteren Erhebungseinheit des öffentlichen Dienstes Tätige, - Bedienstete in einem indirekten Beschäftigungsverhältnis zur Beschäftigungsstelle (z. B. Pflegekräfte, die nicht aufgrund eines Einzelver- trages, sondern eines Kollektivvertrages mit einem Stammhaus beschäftigt werden), - Beschäftigte mit Werkvertrag, im Vorruhestand, mit Kurzarbeit in Verbindung mit einer Arbeitszeit von null Stunden, - Personen, die gegen eine Aufwandsentschädigung bzw. Ehrensold tätig sind, z. B. Zivildienstleistende in den Verwaltungen, Kranken- häusern etc.
A11: Die Versorgungsempfängerstatistik erfasst die Empfängerinnen und Empfänger von Versorgungsbezügen nach Beamten- und Soldaten- versorgungsrecht sowie beamtenrechtlichen Grundsätzen mit dem jährlichen Stichtag 1. Januar. Sie ermittelt jährlich Strukturdaten über die Versorgungsberechtigten im Alterssicherungssystem für Beamtinnen und Beamte, Richte- rinnen und Richter sowie Soldatinnen und Soldaten sowie über deren anspruchsberechtigte Hinterbliebene.
A12: Ergebnisdarstellung: Aus Geheimhaltungsgründen wird ein Rundungsverfahren auf alle Tabellen der Personalstandstatistik und der Ver- sorgungsempfängerstatistik angewendet. Jede absolute Fallzahl wird auf ein Vielfaches von 5 auf- oder abgerundet.

Sheet Glossar
A1: Link zum Inhaltsverzeichnis
A2: Glossar
A3: Als Arbeitnehmerinnen und Arbeitnehmer nachzuweisen sind in einem privatrechtlichen Arbeitsvertragsverhältnis stehende Beschäftigte einschließlich Arbeitnehmerinnen und Arbeitnehmer in Ausbildung, die nach den jeweils gültigen Tarifverträgen entlohnt werden.
A4: Auszahlungen/Einzahlungen aus Investitionstätigkeit: Summe aller Auszahlungen bzw. Einzahlungen, die eine Vermögensveränderung herbeiführen oder der Finanzierung von Investitionen dienen und keine besonderen Finanzierungsvorgänge darstellen (z. B. Auszahlungen für Baumaßnahmen, Investitionszuweisungen), bereinigt um Zahlungen von gleicher Ebene.
A5: Auszahlungen/Einzahlungen aus laufender Verwaltungstätigkeit: Summe aller Auszahlungen bzw. Einzahlungen, die im Rahmen des Ver- waltungsvollzuges sowie des Betriebs von Einrichtungen und Anstalten meistens regelmäßig anfallen und nicht vermögenswirksam sind (z. B. Personalauszahlungen, Auszahlungen für Sach- und Dienstleistungen, Zinsaus- und ‑einzahlungen, Zuweisungen und Zuschüsse für laufende Zwecke, Steuern), bereinigt um Zahlungen von gleicher Ebene.
A6: Beamtinnen und Beamte sind Bedienstete, die – auf Widerruf, Probe, Zeit, Lebenszeit – durch eine Ernennungsurkunde ausdrücklich in das Beamtenverhältnis berufen worden sind.
A7: Bereinigte Auszahlungen/Einzahlungen: Summe der Auszahlungen bzw. Einzahlungen der laufenden Verwaltungstätigkeit und der Inves- titionstätigkeit abzüglich der Zahlungen von gleicher Ebene.
A8: Beschäftigte in Altersteilzeit: Altersteilzeitbeschäftigte werden unterschieden nach dem Blockmodell während der Arbeitsphase, dem Blockmodell während der Freistellungsphase und dem Teilzeitmodell. Unabhängig vom angewandten Modell werden sie den Teilzeitbe- schäftigten T 1 zugeordnet.
A9: Dienstordnungsangestellte sind Angestellte mit Beamtenbesoldung bei den Sozialversicherungsträgern.
A10: Zur Ermittlung des Finanzierungssaldos werden die bereinigten Auszahlungen von den bereinigten Einzahlungen abgesetzt. Ein negativer Saldo gibt den Betrag an, der zum Ausgleich der laufenden Verwaltungstätigkeit und der Investitionstätigkeit z. B. über die Schuldenauf- nahme und die Entnahme aus Rücklagen aufgewendet werden muss.
A11: Geringfügig Beschäftigte (T 3) sind Beschäftigte, die eine geringfügige Alleinbeschäftigung als Arbeitnehmerin bzw. Arbeitnehmer mit einem regelmäßigen Monatsentgelt ausüben.
A12: Richterinnen und Richter: Nur Berufsrichterinnen und -richter im Sinne des Deutschen Richtergesetzes, auch wenn sie nicht bei Gerichten, sondern z. B. bei Ministerien tätig sind; auch zu "Richterin bzw. Richter auf Probe" ernannte Gerichtsassessorinnen und Gerichtsassesso- ren.
... A17: Abkürzungsverzeichnis SGB II Sozialgesetzbuch (SGB) Zweites Buch (II)

Sheet Mehr zum Thema
A1: Link zum Inhaltsverzeichnis
A2: Mehr zum Thema
A3: Weitere Informationen zum Thema finden Sie auf der Website des Statistischen Amtes Mecklenburg-Vorpommern
A4: > https://www.laiv-mv.de/statistik/
A5: Statistische Berichte Mecklenburg-Vorpommern
A6: > L223 | B6: Gemeindefinanzen (Vierteljahresstatistik)
A7: > L233 | B7: Auszahlungen und Einzahlungen der Gemeinden und Gemeindeverbände (Haushaltsrechnungsstatistik)
A8: > L313 | B8: Schulden der öffentlichen Haushalte
A9: > L323 | B9: Personal im öffentlichen Dienst
A10: Qualitätsberichte Statistisches Bundesamt
A11: > Öffentliche Finanzen
A12: > Personal
A13: Fachliche Informationen
A14: N.N., Telefon: 0385 588-56432, kommunalfinanzen@statistik-mv.de
A15: Quellenangaben
A16: Tabelle 8.1.4: Bundesministerium für Finanzen, Vorläufige Jahresrechnung
A17: Tabelle 8.1.5: Statistisches Bundesamt, Statistischer Bericht "Finanzvermögen"
A18: Tabellen 8.1.6, 8.1.9: Statistisches Bundesamt, Statistischer Bericht "Kassenergebnis Gesamthaushalt"
A19: Tabelle 8.1.12: Statistisches Bundesamt, Statistischer Bericht "Schulden des öffentlichen Gesamthaushalts"

Sheet  
